 Dungeon Crawl Stone Soup version 0.30.0-19-g36f170ea60 (webtiles) character file.

Game seed: 6990112515565452606

2229754 grumposus the Acrobat (level 27, 207/207 HPs)
             Began as a Merfolk Gladiator on May 30, 2023.
             Was the Champion of Okawaru.
             Escaped with the Orb
             ... and 4 runes on June 1, 2023!
             The game lasted 04:24:30 (74057 turns).

grumposus the Acrobat (Merfolk Gladiator)          Turns: 74057, Time: 04:24:31

Health: 207/207    AC: 30    Str: 15 (16) XL:     27
Magic:  24/24      EV: 33    Int:  3      God:    Okawaru [******]
Gold:   5772       SH: 22    Dex: 30      Spells: 26/26 levels left

rFire   + + +        W - +5 demon blade of Accidental Termination {freeze, rElec rF++ Int+3}
rCold   + + .        U - +3 kite shield {AC+3}
rNeg    . . .        z - +2 ice dragon scales
rPois   .            B - +2 helmet "Onorghigo" {rElec rF- rC++ Dex+3}
rElec   +            C - +2 cloak {Will+}
rCorr   +            a - +0 pair of gloves "Legriqich" {Will+ Str+3 Int-5}
SInv    +            m - +2 pair of boots
Will    ++++.        G - amulet of Surus {Spirit Fly Dex+4}
Stlth   ++           g - ring of Teojust {rF+++ rC- rCorr EV+5 Str-2}
HPRegen 0.54/turn    v - ring of see invisible
MPRegen 0.19/turn

%: guardian spirit
@: flying, hasted, studying Throwing, very quick
A: (nimble swimmer 2), mertail, clumsy 1, deformed body, deterioration 2, dopey
2, frail 1, low MP 2, mutation resistance 1, sense surroundings 1, screaming 2,
weak 1, wild magic 1, cold vulnerability 1, inability to read after injury 1
0: Orb of Zot
}: 4/15 runes: decaying, slimy, silver, gossamer
a: Renounce Religion, Heroism, Finesse, Duel


You escaped.
You worshipped Okawaru.
Okawaru was exalted by your worship.
You visited 12 branches of the dungeon, and saw 54 of its levels.
You also visited: Gauntlet, Ice Cave and Volcano.

You collected 7969 gold pieces.
You spent 2197 gold pieces at shops.


Innate Abilities, Weirdness & Mutations

((You are very nimble when in or above water. (Stealth+, EV+, Speed+++)))
Your lower body shifts to a powerful aquatic tail in water.
You are clumsy. (Dex -2)
Armour fits poorly on your strangely shaped body.
Your body often deteriorates upon taking damage.
You are very dopey. (Int -4)
You are frail. (-10% HP)
Your magical capacity is very low. (-20% MP)
You are somewhat resistant to further mutation.
You passively map a small area around you.
You frequently scream uncontrollably at your foes.
You are weak. (Str -2)
Your spells are a little harder to cast, but a little more powerful.
You are vulnerable to cold. (rC-)
You occasionally lose the ability to read scrolls when taking damage.


   Skills:
 - Level 22.0 Fighting
 - Level 16.0 Long Blades
 - Level 16.0 Throwing
 * Level 18.6 Armour
 - Level 22.0 Dodging
 - Level 12.0 Stealth
 + Level 20.5 Shields
 - Level 10.0 Invocations
 + Level 17.2 Evocations


You had 26 spell levels left.
You didn't know any spells.
Your spell library contained the following spells:

 Spells                   Type           Power      Damage    Failure   Level
 Apportation              Tloc           0%         N/A       95%         1
 Beastly Appendage        Tmut           0%         N/A       95%         1
 Foxfire                  Conj/Fire      0%         2x1d4     95%         1
 Freeze                   Ice            0%         1d3       95%         1
 Necrotise                Necr           0%         1d4       95%         1
 Shock                    Conj/Air       0%         1d3       95%         1
 Slow                     Hex            0%         N/A       95%         1
 Sting                    Tmut/Pois      0%         1d3       95%         1
 Blink                    Tloc           0%         N/A       99%         2
 Cigotuvi's Dreadful Rot  Necr/Pois/Air  0%         N/A       99%         2
 Ensorcelled Hibernation  Hex/Ice        0%         N/A       99%         2
 Lesser Beckoning         Tloc           0%         N/A       99%         2
 Momentum Strike          Conj/Tloc      0%         3d8       99%         2
 Poisonous Vapours        Pois/Air       0%         N/A       99%         2
 Scorch                   Fire           0%         2d5       99%         2
 Static Discharge         Conj/Air       0%         2-2/arc   99%         2
 Sublimation of Blood     Necr           0%         N/A       99%         2
 Wereblood                Tmut           0%         N/A       99%         2
 Confusing Touch          Hex            0%         N/A       100%        3
 Dazzling Flash           Conj/Hex       0%         N/A       100%        3
 Frozen Ramparts          Ice            0%         1d1       100%        3
 Hailstorm                Conj/Ice       0%         3d3       100%        3
 Ignite Poison            Fire/Tmut/Pois 0%         N/A       100%        3
 Inner Flame              Hex/Fire       0%         N/A       100%        3
 Mephitic Cloud           Conj/Pois/Air  0%         N/A       100%        3
 Ozocubu's Armour         Ice            0%         N/A       100%        3
 Portal Projectile        Hex/Tloc       0%         N/A       100%        3
 Spider Form              Tmut/Pois      0%         N/A       100%        3
 Stone Arrow              Conj/Erth      0%         3d7       100%        3
 Swiftness                Air            0%         N/A       100%        3
 Vampiric Draining        Necr           0%         2d6       100%        3
 Vhi's Electric Charge    Tloc/Air       0%         N/A       100%        3
 Volatile Blastmotes      Fire/Tloc      0%         2d10      100%        3
 Anguish                  Hex/Necr       0%         N/A       100%        4
 Cause Fear               Hex            0%         N/A       100%        4
 Dispel Undead            Necr           0%         3d6       100%        4
 Flame Wave               Conj/Fire      0%         2d4       100%        4
 Iskenderun's Mystic Bla  Conj/Tloc      0%         2d3       100%        4
 Leda's Liquefaction      Hex/Erth       0%         N/A       100%        4
 Manifold Assault         Tloc           0%         N/A       100%        4
 Olgreb's Toxic Radiance  Pois           0%         N/A       100%        4
 Passage of Golubria      Tloc           0%         N/A       100%        4
 Petrify                  Tmut/Erth      0%         N/A       100%        4
 Sticky Flame             Conj/Fire      0%         2d3       100%        4
 Alistair's Intoxication  Tmut/Pois      0%         N/A       100%        5
 Arcjolt                  Conj/Air       0%         1d10      100%        5
 Blade Hands              Tmut           0%         N/A       100%        5
 Fireball                 Conj/Fire      0%         3d3       100%        5
 Lee's Rapid Deconstruct  Erth           0%         3d4*      100%        5
 Metabolic Englaciation   Hex/Ice        0%         N/A       100%        5
 Silence                  Hex/Air        0%         N/A       100%        5
 Yara's Violent Unravell  Hex/Tmut       0%         3d3       100%        5
 Plasma Beam              Fire/Air       0%         2x1d11    100%        6
 Starburst                Conj/Fire      0%         6d3       100%        6
 Statue Form              Tmut/Erth      0%         N/A       100%        6
 Dragon Form              Tmut           0%         N/A       100%        7
 Enfeeble                 Hex            0%         N/A       100%        7
 Orb of Destruction       Conj           0%         9d5       100%        7
 Ozocubu's Refrigeration  Ice            0%         4d7       100%        7
 Storm Form               Tmut/Air       0%         N/A       100%        7
 Borgnjor's Revivificati  Necr           0%         N/A       100%        8
 Ignition                 Fire           0%         3d3       100%        8
 Lehudib's Crystal Spear  Conj/Erth      0%         10d2      100%        8
 Maxwell's Capacitive Co  Air            0%         ∞         100%        8
 Necromutation            Tmut/Necr      0%         N/A       100%        8
 Chain Lightning          Conj/Air       0%         N/A       100%        9
 Death's Door             Necr           0%         N/A       100%        9
 Polar Vortex             Ice            0%         N/A       100%        9
 Shatter                  Erth           0%         3d5*      100%        9
 Call Canine Familiar     Summ           Unusable   N/A       N/A         3
 Summon Guardian Golem    Hex/Summ       Unusable   N/A       N/A         3
 Tukima's Dance           Hex            Unusable   N/A       N/A         3
 Animate Armour           Summ/Erth      Unusable   N/A       N/A         4
 Summon Ice Beast         Ice/Summ       Unusable   N/A       N/A         4
 Summon Forest            Summ/Tloc      Unusable   N/A       N/A         5
 Summon Mana Viper        Hex/Summ       Unusable   N/A       N/A         5
 Death Channel            Necr           Unusable   N/A       N/A         6
 Simulacrum               Ice/Necr       Unusable   N/A       N/A         6
 Summon Cactus Giant      Summ           Unusable   N/A       N/A         6
 Haunt                    Necr/Summ      Unusable   N/A       N/A         7
 Malign Gateway           Summ/Tloc      Unusable   N/A       N/A         7
 Monstrous Menagerie      Summ           Unusable   N/A       N/A         7
 Spellforged Servitor     Conj/Summ      Unusable   N/A       N/A         7
 Summon Hydra             Summ           Unusable   N/A       N/A         7
 Summon Horrible Things   Summ           Unusable   N/A       N/A         8
 Dragon's Call            Summ           Unusable   N/A       N/A         9

Inventory:

Hand Weapons
 n - the +8 demon blade "Leech" {evervamp, Harm Drain rN+}
   (You found it on level 5 of the Pits of Slime)

   rN:        It protects you from negative energy.
   Drain:     It drains your maximum health when unequipped.
   Harm:      It increases damage dealt and taken.
 W - the +5 demon blade of Accidental Termination (weapon) {freeze, rElec rF++ Int+3}
   (Okawaru gifted it to you on level 13 of the Dungeon)

   Int:       It affects your intelligence (+3).
   rF:        It greatly protects you from fire.
   rElec:     It insulates you from electricity.
Missiles
 b - 6 atropa-tipped darts
 d - 3 throwing nets {=f!f}
 e - 14 javelins
 r - 14 silver javelins (quivered)
 x - 2 boomerangs of dispersal {=f!f}
Armour
 a - the +0 pair of gloves "Legriqich" (worn) {Will+ Str+3 Int-5}
   (Okawaru gifted it to you on level 5 of the Lair of Beasts)

   Str:       It affects your strength (+3).
   Int:       It affects your intelligence (-5).
   Will:      It increases your willpower.
 m - a +2 pair of boots (worn)
   (You bought it in a shop on level 2 of the Orcish Mines)
 z - +2 ice dragon scales (worn)
   (You found it on level 1 of the Depths)
 B - the +2 helmet "Onorghigo" (worn) {rElec rF- rC++ Dex+3}
   (You found it in an ice cave)

   Dex:       It affects your dexterity (+3).
   rF:        It makes you vulnerable to fire.
   rC:        It greatly protects you from cold.
   rElec:     It insulates you from electricity.
 C - a +2 cloak of willpower (worn)
   (You took it off Nikola on level 3 of the Vaults)
 F - +0 gold dragon scales {rare}
   (You found it on level 3 of the Depths)
 U - a +3 kite shield of protection (worn)
   (Okawaru gifted it to you on level 11 of the Dungeon)
Magical Staves
 Q - the staff of poison "Ogoin" {rPois Int+4, !a}
   (You found it on level 5 of the Vaults)

   [staff of poison]

   Base accuracy: +5 Base damage: 5 Base attack delay: 1.2 This weapon's minimum
   attack delay (0.6) is reached at skill level 12.
   Int:       It affects your intelligence (+4).
   rPois:     It protects you from poison.
   It falls into the 'Staves' category.
   It is a one-handed weapon.
Jewellery
 g - the ring of Teojust (left hand) {rF+++ rC- rCorr EV+5 Str-2}
   (You found it on level 2 of the Depths)

   [ring of evasion]

   EV:        It affects your evasion (+5).
   Str:       It affects your strength (-2).
   rF:        It renders you almost immune to fire.
   rC:        It makes you vulnerable to cold.
   rCorr:     It protects you from acid and corrosion.
 j - a ring of willpower
   (You found it on level 2 of the Dungeon)
 v - a ring of see invisible (right hand)
   (You found it on level 6 of the Dungeon)
 G - the amulet of Surus (around neck) {Spirit Fly Dex+4}
   (You bought it in a shop on level 2 of the Elven Halls)

   [amulet of guardian spirit]

   It causes incoming damage to be divided between your reserves of health and
   magic.
   Dex:       It affects your dexterity (+4).
   Fly:       It grants you flight.
 N - the ring "Yreiwnepn" {Fly rC+ rN+ Str+2}
   (You found it on level 3 of the Elven Halls)

   [ring of flight]

   Str:       It affects your strength (+2).
   rC:        It protects you from cold.
   rN:        It protects you from negative energy.
   Fly:       It grants you flight.
Wands
 k - a wand of mindburst (24)
   (You found it on level 4 of the Swamp)
 s - a wand of polymorph (48)
   (You took it off Urug on level 13 of the Dungeon)
 D - a wand of quicksilver (32)
   (You found it on level 4 of the Swamp)
 E - a wand of digging (33)
   (You found it on level 3 of the Spider Nest)
 I - a wand of paralysis (100)
   (You found it on level 3 of the Lair of Beasts)
 J - a wand of flame (206)
   (You found it on level 4 of the Dungeon)
 K - a wand of iceblast (79)
   (You found it on level 4 of the Dungeon)
Scrolls
 h - 7 scrolls of immolation {!r!r}
 t - a scroll of blinking {!r}
 u - 16 scrolls of teleportation {@r4}
 y - 8 scrolls of enchant weapon
 A - 15 scrolls of vulnerability {!r!r}
 O - 8 scrolls of magic mapping {!r}
 S - a scroll of silence {!r}
 T - 5 scrolls of fear
 X - 5 scrolls of brand weapon
 Y - 4 scrolls of fog
Potions
 c - 3 potions of haste {@q3}
 f - 7 potions of attraction {!q}
 i - 5 potions of resistance
 o - 8 potions of flight
 p - 4 potions of heal wounds {@q2}
 q - 7 potions of might
 w - 9 potions of mutation {!q}
 H - 6 potions of invisibility
 L - 9 potions of ambrosia
 M - 2 potions of cancellation
 R - 8 potions of berserk rage {!q}
 V - 27 potions of curing {@q1}
Miscellaneous
 l - a lightning rod (3/4)
   (You found it on level 5 of the Lair of Beasts)
 P - a phial of floods (inert)
   (You found it on level 3 of the Spider Nest)
 Z - a tin of tremorstones (2/2)
   (You found it on level 12 of the Dungeon)

Dungeon Overview and Level Annotations

Branches:
Dungeon (15/15)            Temple (1/1) D:5            Lair (5/5) D:10
  Swamp (4/4) Lair:3       Spider (4/4) Lair:2        Slime (5/5) Lair:5
    Orc (2/2) D:11            Elf (3/3) Orc:2        Vaults (5/5) D:13
  Crypt (0/3) Vaults:2     Depths (4/4) D:15           Hell (visited)
    Zot (5/5) Depths:4      IceCv (visited)         Volcano (visited)
Gauntlet (visited)
    Dis: Hell:1         Geh: Hell:1         Coc: Hell:1         Tar: Hell:1

Altars:
Ashenzari
Cheibriados
Dithmenos
Elyvilon
Fedhas
Gozag
Hepliaklqana
Kikubaaqudgha
Makhleb
Nemelex Xobeh
Okawaru
Qazlal
Ru
Sif Muna
Trog
Uskayaw
Vehumet
Wu Jian
Xom
Yredelemnul
Zin
The Shining One
Jiyva
Lugonu

Shops:
D:5 [   D:13 !   Orc:2 ([([   Elf:2 =:=   Vaults:2 [   Vaults:4 [!(
Depths:4 **!

Portals:
Hell: Depths:1 Depths:2 Depths:3 Depths:4
Abyss: Depths:1 Depths:3
Pandemonium: Depths:2
Ziggurat: Depths:3

Annotations:
D:5 2 transporters
D:8 2 transporters, Strat's ghost, journeyman DjFE
D:9 3 runed translucent doors, Pimp's ghost, novice DsHu; Pimp's ghost, novice MfGl
Spider:1 exclusion: 2 downstairs
Spider:3 exclusion: downstairs
Depths:3 exclusion: downstairs
Hell Geryon

#.# #.............# #.#
#.############# #.####.# #...##.#
## #.#.##.# ############# #.
#######....#.# #.....4.....# ##
.............# ##.8.8.8.8.8.##
.####.##...######...3.........###
†# #.###......#@.≈≈≈≈≈≈≈≈≈≈≈.∩..
.# #.# ######.##.............#.#
.# #†# #.###.8.8.8.8.8.##.. .#
#.# #.# #...........#).. .# #.#
#.# ##############.# .#
#.########.# #...# #.# .#
#..........# ###.# #.# .#
############ #.# #.# .##
#.########[#


You could see an ice devil and a sixfirhy.


Message History

Unknown command.
You feel yourself speed up.
You see here a +2 shortbow of electrocution.
A red devil comes into view. It is wielding a +0 trident.
There is a snail-covered altar of Cheibriados here.
There is a stone staircase leading up here.
This staircase leads to a travel-excluded area!
Enter next level anyway?
You fly upwards.
Level annotation: 2 transporters, Edmund
There is a stone staircase leading down here.
You block Edmund's attack.
You slash Edmund! You freeze Edmund. You hit Edmund. You freeze Edmund.
Your extra speed is starting to run out.
The steam dragon hisses angrily.
You slice Edmund!! You freeze Edmund.
You hear a bellow!
You block Edmund's attack.
You hear a bellow!
You hit Edmund but do no damage.
The gnoll sergeant shouts!
You slash Edmund! You freeze Edmund.
You kill Edmund!
Okawaru accepts your kill.
(D) Dungeon (T) Temple (L) Lair (S) Swamp (N) Spider Nest (M) Slime Pits (O) Orcish Mines (E) Elven Halls (V) Vaults (C) Crypt (U) Depths (H) Hell (Z) Zot
Where to? (Enter - D:1 @ (x,y), ? - help)
What level of the Dungeon? (default 1, ? - help) You're in a travel-excluded area, stopping travel.
Unknown command.
Removed exclusion.
Press: ? - help, v - describe, . - travel The floor.
This square is covered in magical glow.
Reduced exclusion size to a single square.
Removed exclusion.
(D) Dungeon (T) Temple (L) Lair (S) Swamp (N) Spider Nest (M) Slime Pits (O) Orcish Mines (E) Elven Halls (V) Vaults (C) Crypt (U) Depths (H) Hell (Z) Zot
Where to? (Enter - D:1 @ (x,y), ? - help)
What level of the Dungeon? (default 1, ? - help)
The yak bellows!
The orc warrior shouts!
The yak bellows!
You feel yourself slow down.
There is a stone staircase leading up here.
You fly upwards.
There is a stone staircase leading down here.
There is a stone staircase leading up here.
You fly upwards.
There is a stone staircase leading down here.
A Hell Sentinel comes into view.
The Hell Sentinel moves out of view.
There is a stone staircase leading up, spattered with blood here.
You fly upwards.
There is a stone staircase leading down here.
(D) Dungeon (T) Temple (L) Lair (S) Swamp (N) Spider Nest (M) Slime Pits (O) Orcish Mines (E) Elven Halls (V) Vaults (C) Crypt (U) Depths (H) Hell (Z) Zot
Where to? (Enter - D:1 @ (x,y), ? - help)
What level of the Dungeon? (default 1, ? - help)
A demonspawn black sun and a lorocyproca come into view.
The demonspawn black sun is wielding a +0 vampiric demon whip.
Unknown command.
There is a stone staircase leading up here.
You fly upwards.
There is a stone staircase leading down here.
(D) Dungeon (T) Temple (L) Lair (S) Swamp (N) Spider Nest (M) Slime Pits (O) Orcish Mines (E) Elven Halls (V) Vaults (C) Crypt (U) Depths (H) Hell (Z) Zot
Where to? (Enter - D:1 @ (x,y), ? - help)
What level of the Dungeon? (default 1, ? - help)
A large abomination comes into view.
A cacodemon and a sixfirhy come into view.
The cacodemon moves out of view.
The sixfirhy moves out of view.
Some rock shatters into small pieces.
You feel yourself speed up.
You hear a grinding noise.
The cacodemon gestures at the rock wall.
You hear a grinding noise.
The cacodemon gestures at you. The bolt of energy misses you.
You see here a +0 club.
The sixfirhy attacks as you move away! You block the sixfirhy's attack. x2
An ice devil comes into view.
You hear a grinding noise.
The ice devil moves out of view.
There is an empty arch of ancient stone here.
You block the sixfirhy's attack. The sixfirhy completely misses you.
The sixfirhy attacks as you move away! The sixfirhy completely misses you.
The sixfirhy attacks as you move away! The sixfirhy completely misses you.
You hear a grinding noise.
You hear a grinding noise.
There is a staircase leading out of the dungeon here.
You have escaped!

Skill      XL: |  1  2  3  4  5  6  7  8  9 10 11 12 13 14 15 16 17 18 19 20 21 22 23 24 25 26 27 |
---------------+----------------------------------------------------------------------------------+-----
Long Blades    | 4 5 6 7 8 10 12 14 15 16 | 16.0
Stealth        | 1 2 3 5 6 8 11 12 | 12.0
Fighting       | 3 4 5 6 8 9 10 11 12 13 15 16 17 18 19 20 21 22 | 22.0
Armour         | 1 2 3 4 5 6 7 8 10 11 12 13 15 17 18 | 18.6
Dodging        | 5 6 7 8 10 11 12 14 15 16 17 19 20 21 22 | 22.0
Shields        | 6 9 11 12 14 15 16 17 18 19 20 | 20.5
Invocations    | 3 6 7 8 10 | 10.0
Evocations     | 2 4 6 9 11 12 14 16 17 | 17.2
Throwing       | 5 8 10 12 14 16 | 16.0

Action                     |  1- 3 |  4- 6 |  7- 9 | 10-12 | 13-15 | 16-18 | 19-21 | 22-24 | 25-27 || total
---------------------------+-------+-------+-------+-------+-------+-------+-------+-------+-------++-------
  Melee: Long sword        |   114 |   337 |   222 |       |       |       |       |       |       ||   673
         Punch             |       |     6 |     4 |       |       |       |       |       |       ||    10
         Great sword       |       |       |    77 |   440 |   128 |       |       |       |       ||   645
         Falchion          |       |       |    48 |       |       |       |       |       |       ||    48
         Triple sword      |       |       |       |       |   531 |       |       |       |       ||   531
         Tailslap          |       |       |       |       |     5 |    29 |    19 |       |       ||    53
         Scimitar          |       |       |       |       |   166 |   194 |       |       |       ||   360
         Demon blade       |       |       |       |       |       |  1327 |  2382 |  2378 |  2311 ||  8398
   Fire: Sling             |       |       |       |    32 |       |       |       |       |       ||    32
  Throw: Javelin           |       |     6 |       |     8 |     3 |     1 |     5 |    13 |    69 ||   105
         Dart              |       |       |       |       |     4 |     2 |     2 |       |       ||     8
 Invoke: Heroism           |       |       |       |     2 |     5 |     3 |     5 |     6 |    10 ||    31
         Finesse           |       |       |       |       |       |       |     1 |       |     3 ||     4
  Evoke: Lightning rod     |       |       |       |       |     4 |       |       |       |     3 ||     7
         Wand              |       |       |       |       |     1 |     3 |       |     3 |    13 ||    20
         Phial of floods   |       |       |       |       |       |       |     1 |       |     1 ||     2
         Tin of tremorston |       |       |       |       |       |       |       |       |     1 ||     1
    Use: Scroll            |       |     4 |     5 |    10 |    20 |     8 |     4 |     8 |    15 ||    74
         Potion            |       |       |       |     1 |     3 |     1 |     7 |     6 |    21 ||    39
   Stab: Sleeping          |       |     4 |     8 |     9 |     7 |    17 |    12 |    14 |     7 ||    78
         Distracted        |       |       |     1 |       |     3 |     5 |     3 |     2 |     3 ||    17
         Invisible         |       |       |       |       |       |       |     3 |     6 |       ||     9
 Armour: Leather armour    |    19 |       |       |       |       |       |       |       |       ||    19
         Ring mail         |    15 |   124 |   122 |   111 |   202 |    78 |       |       |       ||   652
         Chain mail        |    25 |     1 |       |       |       |       |       |       |       ||    26
         Ice dragon scales |       |       |       |       |    16 |       |       |   245 |   351 ||   612
         Swamp dragon scal |       |       |       |       |       |   181 |   359 |   105 |       ||   645
  Dodge: Dodged            |    88 |   184 |   215 |   485 |   812 |  1054 |  1575 |  1251 |  1694 ||  7358
         Repelled          |       |       |     1 |     2 |     6 |    15 |       |       |       ||    24
  Block: Buckler           |       |       |       |       |    57 |   128 |       |       |       ||   185
         Kite shield       |       |       |       |       |       |   794 |  1897 |  1414 |  1951 ||  6056

Levels and vault maps discovered:
D:1:      mainiacjoe_arrival_reflecting_pool, layout_loops_ring
D:2:      layout_loops_ring, serial_forest, infiniplex_forest_clump_small,
          infiniplex_forest_clump_tiny, infiniplex_forest_clump_large,
          infiniplex_forest_clump_double, infiniplex_forest_straight_1,
          infiniplex_forest_straight_2, infiniplex_forest_lined_corner,
          minmay_pentomino_v4
D:3:      minmay_thinvault, layout_basic, dk_noncrumbling_3, minmay_cupped,
          uniq_natasha, uniq_robin
D:4:      layout_loops_ring, grunt_temple_overflow_open, dk_noncrumbling_4,
          minmay_misc_feat_pillars, minmay_bisected, uniq_grinder
D:5:      layout_basic, gammafunk_temple_overflow_arena,
          minmay_temple_entry_antechambers, serial_shops,
          nicolae_shop_back_alley_shop, uniq_edmund
D:6:      layout_loops_ring, tgw_xom, slow_altar_1
D:7:      layout_loops_corners
D:8:      layout_basic, trog_butcher_becter, mainiacjoe_overflow_chevrons,
          gammafunk_ghost_wrathful_warriors
D:9:      layout_small_grid, gammafunk_ghost_cemetery
D:10:     layout_rooms, erik_lair_orcish_takeover, jiyva_altar_1,
          uniq_josephine, uniq_nergalle, uniq_psyche
D:11:     layout_cave_pools, orc_0_dummy,
          portal_ice_cave_entry_animals_and_master
D:12:     layout_roguey, gauntlet_entry_generic, minmay_radiant, uniq_rupert
D:13:     layout_roguey, david_vaults_3, serial_shops, shop
D:14:     layout_long_grid, minmay_protected_statue, uniq_nessos
D:15:     grunt_enter_depths_magical_seal, layout_long_grid,
          nicolae_tso_swordbearing_angel, uniq_agnes
Temple:   hellmonk_temple_two_chambers
Lair:1:   layout_gridlike, chequers_serial_rivers_micro_a,
          grunt_forest_small_clearings, hangedman_lair_generics_rect,
          grunt_megastairs_5, uniq_gastronok
Lair:2:   beast_lair_carwin_large_2, layout_long_grid,
          hellmonk_spider_entry_life_and_decay, minmay_hedge_maze,
          serial_bayou_shore_a
Lair:3:   layout_small_grid, minmay_swamp_entry_reptiles, grunt_megastairs_1
Lair:4:   layout_gridlike, beast_lair_carwin_4
Lair:5:   minmay_lair_end_enchanted_forest, layout_small_grid,
          minmay_slime_entry_pillars
Swamp:1:  layout_falls_marsh, evilmike_swamp_ruin_rubble_2
Swamp:2:  layout_basic_swamp, evilmike_swamp_ruin_house_5
Swamp:3:  layout_falls_marsh, evilmike_swamp_ruin_house_1
Swamp:4:  swamp_basic_johnstein, layout_basic_swamp, swamp_pool1
Spider:1: layout_chambers
Spider:2: cheibrodos_forgotten_conduit, hangedman_spider_tarantella_strand
Spider:3: nicolae_spider_hilbert_zone_3 [nicolae_spider_hilbert_4_sides_2_open,
          nicolae_spider_hilbert_3_sides_1_open,
          nicolae_spider_hilbert_3_sides_1_open,
          nicolae_spider_hilbert_3_sides_1_open,
          nicolae_spider_hilbert_3_sides_1_open,
          nicolae_spider_hilbert_4_sides_1_open,
          nicolae_spider_hilbert_4_sides_1_open,
          nicolae_spider_hilbert_4_sides_1_open,
          nicolae_spider_hilbert_4_sides_1_open,
          nicolae_spider_hilbert_4_sides_1_open,
          nicolae_spider_hilbert_4_sides_1_open,
          nicolae_spider_hilbert_4_sides_1_open,
          nicolae_spider_hilbert_4_sides_1_open,
          nicolae_spider_hilbert_3_sides_1_open,
          nicolae_spider_hilbert_3_sides_1_open,
          nicolae_spider_hilbert_3_sides_1_open,
          nicolae_spider_hilbert_3_sides_1_open]
Spider:4: spider_rune_water, nicolae_spider_bug_shape
Slime:1:  layout_caves
Slime:2:  layout_caves
Slime:3:  layout_caves, basic_altar
Slime:4:  layout_caves, dissolution_awaits
Slime:5
Orc:1:    layout_caves, nicolae_volcano_entry_lava_flow, uniq_erica
Orc:2:    st_orc_mages, layout_diamond_mine, basic_altar
Elf:1:    layout_loops_corners, minmay_elf_annihilation
Elf:2:    nicolae_elf_blades_crystal_corner, layout_rooms, minmay_shop_grove
Elf:3:    elf_hall, layout_loops_cross
Vaults:1: vaults_room_grunt_arrival_ludios, nicolae_vaults_rhombus_6, v_misc_14,
          nicolae_vaults_little_squares_2, nicolae_vaults_diamond_2,
          vaults_dpeg_cross, nicolae_vaults_quadrants, nicolae_vaults_six-pack,
          layout_vaults_omnigrid, uniq_donald
Vaults:2: nicolae_vaults_trapezoid_lopsided_3, nicolae_vaults_stepped_doors,
          hangedman_vaults_trim, nicolae_vaults_taking_the_gang_shopping,
          vaults_mumra_bighexcomb, minmay_crypt_entry_simple_plaza,
          nicolae_vaults_tangram_1, v_misc_27,
          hangedman_vaults_stretched_pinwheel, vaults_room_pools, v_pattern_5,
          nicolae_vaults_six-pack, layout_vaults_omnicross
Vaults:3: nicolae_vaults_steering_wheel, hangedman_vaults_stagger,
          nicolae_vaults_hallways_thing, v_misc_29, nicolae_vaults_tangram_1,
          nicolae_vaults_six-pack, nicolae_vaults_yaktaur_gun_rack, v_rooms_2,
          nicolae_vaults_rhombus_7, layout_vaults_ring, uniq_mennas, uniq_nikola
Vaults:4: v_misc_15, vaults_dpeg_encased_lava, nicolae_vaults_weapon_check,
          v_pattern_4, hangedman_vaults_locks, nicolae_vaults_theta,
          nicolae_vaults_sesquioval_fish, nicolae_vaults_diamond_1, v_misc_18,
          vaults_dpeg_diagonal, ontoclasm_vaults_ligature, nicolae_vaults_heist,
          nicolae_vaults_little_squares_3, nicolae_vaults_offset_grid_hallway_3,
          ontoclasm_vaults_loading_screen, nicolae_vaults_octothorpe,
          layout_vaults_omnibox, serial_shops, shop_coins,
          nicolae_shop_mannequins, shop, uniq_bai_suzhen
Vaults:5
Depths:1: minmay_octo_star, layout_gridlike, hell_entry,
          abyss_entry_flame_altar, lemuel_flame_loot_1, uniq_aizul
Depths:2: evilmike_makhleb_hellhole, layout_gridlike, grunt_pan_entry_spiral,
          nicolae_gozag_seed_capital, hell_entry, minmay_pinched_square
Depths:3: minmay_central_circle, layout_honeycomb, enter_ziggurat_d,
          abyss_entry, minmay_door_square, hell_entry
Depths:4: grunt_zot_entry_tricorne, layout_cave_shapes, serial_shops, shop,
          shop, nicolae_shop_tiny_real_fake_doors, serial_glass,
          glass_columns_b, glass_columns_c, glass_columns_c, glass_columns_a,
          glass_columns_a, glass_columns_a, glass_columns_a, glass_columns_a,
          hell_entry, fedhas_altar_fruit_tree
Hell
Zot:1:    layout_twisted_circle, uniq_josephina
Zot:2:    layout_gridlike, st_stairs_9
Zot:3:    layout_cathedral_of_symmetry
Zot:4:    layout_misc_corridors
Zot:5:    layout_gridville, st_stairs_2

Notes
Turn   | Place    | Note
-------+----------+-------------------------------------------
     0 | D:1      | grumposus the Merfolk Gladiator began the quest for the
                  | Orb.
     0 | D:1      | Reached XP level 1. HP: 16/16 MP: 1/1
     0 | D:1      | magus.rc [v1.11.6]
   238 | D:1      | Reached XP level 2. HP: 21/23 MP: 2/2
   247 | D:1      | Reached skill level 4 in Long Blades
   408 | D:1      | You add the spells Apportation and Alistair's Intoxication
                  | to your library.
   739 | D:1      | Reached XP level 3. HP: 27/28 MP: 3/3
   845 | D:1      | You add the spells Beastly Appendage, Wereblood and Spider
                  | Form to your library.
  1003 | D:2      | You add the spells Vhi's Electric Charge, Arcjolt and
                  | Plasma Beam to your library.
  1032 | D:2      | Reached skill level 1 in Stealth
  1148 | D:2      | Reached XP level 4. HP: 30/34 MP: 4/4
  1209 | D:2      | Identified the +5 ring mail of the Apprentice {rF++ Int+4
                  | Dex-2}
  1238 | D:2      | Reached skill level 3 in Fighting
  1242 | D:2      | Reached skill level 1 in Armour
  1602 | D:2      | Reached XP level 5. HP: 41/41 MP: 5/5
  1664 | D:2      | Reached skill level 5 in Long Blades
  2143 | D:3      | Reached skill level 2 in Stealth
  2460 | D:3      | Noticed Natasha
  2477 | D:3      | Killed Natasha
  2608 | D:3      | Noticed Natasha
  2628 | D:3      | Killed Natasha
  2740 | D:3      | Reached skill level 5 in Dodging
  2916 | D:2      | HP: 8/41 [scorpion (5)]
  2918 | D:2      | Reached XP level 6. HP: 9/47 MP: 6/6
  3325 | D:3      | Noticed Robin
  3345 | D:3      | Killed Robin
  3519 | D:3      | Identified the +8 sling of Honour {drain, *Slow rPois rN+
                  | Dex+7}
  3694 | D:3      | Identified the +2 robe of the Pear {Regen+}
  3707 | D:3      | Noticed Natasha
  3718 | D:3      | Killed Natasha
  3719 | D:3      | Reached skill level 6 in Long Blades
  3881 | D:4      | Reached skill level 3 in Stealth
  3908 | D:4      | Noticed Grinder
  3912 | D:4      | Killed Grinder
  3913 | D:4      | Reached skill level 4 in Fighting
  3913 | D:4      | Reached skill level 2 in Armour
  3913 | D:4      | Reached XP level 7. HP: 46/54 MP: 7/7
  4034 | D:4      | Found an ancient bone altar of Kikubaaqudgha.
  4041 | D:4      | Found a shimmering blue altar of Sif Muna.
  4291 | D:4      | Reached skill level 6 in Dodging
  4347 | D:4      | Identified the +1 ring mail of Faekkiwn {Harm rF+ Str-4}
  4695 | D:5      | Entered Level 5 of the Dungeon
  4757 | D:5      | Reached skill level 7 in Long Blades
  4825 | D:5      | Noticed Edmund
  4856 | D:5      | Noticed a yak
  4858 | D:5      | Noticed a yak
  4859 | D:5      | Found a transporter.
  4859 | D:5      | Noticed a steam dragon
  4860 | D:5      | Found a transporter.
  4884 | D:5      | Found a basalt altar of Yredelemnul.
  5016 | D:5      | Reached XP level 8. HP: 61/61 MP: 8/8
  5056 | D:5      | Reached skill level 4 in Stealth
  5345 | D:5      | Found a staircase to the Ecumenical Temple.
  5354 | Temple   | Entered the Ecumenical Temple
  5369 | Temple   | Became a worshipper of Warmaster Okawaru
  5502 | D:5      | Found Toprimof's Armour Shoppe.
  5850 | D:6      | You fall into a shaft and drop 3 floors!
  6029 | D:9      | Reached skill level 5 in Fighting
  6029 | D:9      | Reached skill level 8 in Long Blades
  6132 | D:8      | Noticed a yak
  6133 | D:8      | Found a bloodstained altar of Trog.
  6196 | D:8      | Reached skill level 3 in Armour
  6200 | D:8      | Reached skill level 7 in Dodging
  6310 | D:8      | Reached * piety under Okawaru
  6311 | D:8      | Reached skill level 5 in Stealth
  6318 | D:8      | Reached XP level 9. HP: 58/67 MP: 9/9
  6395 | D:8      | HP: 13/64 [wight/+4 spear (8)]
  6812 | D:8      | Reached skill level 9 in Long Blades
  6906 | D:8      | Found a radiant altar of Vehumet.
  6968 | D:8      | Identified the +8 glaive of Cataclysm {chaos, Int+2}
  6993 | D:8      | Identified the +6 great sword of Piohilod {holy, rElec
                  | Str+2 Dex+4 SInv}
  7610 | D:6      | Found a snail-covered altar of Cheibriados.
  7725 | D:6      | Reached ** piety under Okawaru
  7726 | D:6      | Reached skill level 6 in Fighting
  7793 | D:6      | Reached skill level 8 in Dodging
  7834 | D:6      | Found a shimmering altar of Xom.
  8292 | D:7      | Reached skill level 6 in Stealth
  8313 | D:7      | Reached skill level 10 in Long Blades
  8419 | D:7      | Reached skill level 4 in Armour
  9090 | D:8      | Reached XP level 10. HP: 77/77 MP: 10/10
  9202 | D:8      | Noticed Strat's ghost (journeyman DjFE)
  9361 | D:8      | Reached *** piety under Okawaru
  9369 | D:8      | Reached skill level 7 in Fighting
  9369 | D:8      | Reached skill level 11 in Long Blades
  9372 | D:8      | Reached skill level 9 in Dodging
  9543 | D:8      | Found a bloodstained altar of Trog.
  9544 | D:8      | Noticed a two-headed ogre
  9550 | D:8      | Found a transporter.
  9569 | D:8      | Found a transporter.
  9571 | D:8      | Noticed a moth of wrath
  9702 | D:9      | Found a runed translucent gate.
  9702 | D:9      | Found a runed translucent gate.
  9702 | D:9      | Found a runed translucent gate.
  9705 | D:9      | Noticed Pimp's ghost (novice MfGl)
  9705 | D:9      | Noticed Pimp's ghost (novice DsHu)
 10035 | D:9      | Reached **** piety under Okawaru
 10450 | D:10     | Entered Level 10 of the Dungeon
 10451 | D:10     | Noticed Josephine
 10465 | D:10     | Reached skill level 12 in Long Blades
 10475 | D:9      | Reached skill level 5 in Armour
 10481 | D:10     | Noticed Nergalle
 10485 | D:10     | Noticed a gargoyle
 10486 | D:10     | Killed Josephine
 10486 | D:10     | Reached ***** piety under Okawaru
 10487 | D:10     | Reached skill level 8 in Fighting
 10487 | D:10     | Reached skill level 10 in Dodging
 10487 | D:10     | Reached XP level 11. HP: 56/86 MP: 8/11
 10642 | D:10     | Killed Nergalle
 10678 | D:10     | Noticed Psyche
 10684 | D:10     | Killed Psyche
 10740 | D:10     | Noticed a two-headed ogre
 10749 | D:10     | Killed a two-headed ogre
 10749 | D:10     | Identified the -1 pair of gloves of Complete Protection
                  | {Str+5} (Okawaru gifted it to you on level 10 of the
                  | Dungeon)
 10749 | D:10     | Received a gift from Okawaru
 10750 | D:10     | Reached skill level 13 in Long Blades
 10793 | D:10     | Found a viscous altar of Jiyva.
 10926 | D:10     | Found a staircase to the Lair.
 11333 | D:10     | magus.rc [v1.11.6]
 11349 | Lair:1   | Entered Level 1 of the Lair of Beasts
 11349 | Lair:1   | Noticed Gastronok
 11544 | Lair:1   | Killed Gastronok
 11545 | Lair:1   | Reached skill level 9 in Fighting
 11545 | Lair:1   | Reached skill level 11 in Dodging
 11751 | Lair:1   | Noticed a four-headed hydra
 11806 | Lair:1   | Reached skill level 6 in Armour
 11810 | Lair:1   | Reached skill level 14 in Long Blades
 11938 | Lair:1   | Killed a seven-headed hydra
 11950 | Lair:1   | Reached XP level 12. HP: 35/95 MP: 5/12
 12414 | Lair:1   | Received a gift from Okawaru
 13341 | Lair:2   | Received a gift from Okawaru
 13342 | Lair:2   | Reached skill level 12 in Dodging
 13385 | Lair:2   | Noticed a six-headed hydra
 13399 | Lair:2   | Killed a six-headed hydra
 13400 | Lair:2   | Reached skill level 15 in Long Blades
 13513 | Lair:2   | Reached skill level 10 in Fighting
 13821 | Lair:2   | Reached ****** piety under Okawaru
 13960 | Lair:2   | Received a gift from Okawaru
 14115 | Lair:2   | Found a hole to the Spider Nest.
 14468 | Lair:2   | Reached skill level 7 in Armour
 14710 | Lair:2   | Reached XP level 13. HP: 75/104 MP: 8/13
 14726 | Lair:2   | Reached skill level 16 in Long Blades
 15053 | Lair:2   | Reached skill level 1 in Shields
 15112 | Lair:2   | Reached skill level 2 in Shields
 15232 | Lair:2   | Received a gift from Okawaru
 15233 | Lair:2   | Reached skill level 13 in Dodging
 15262 | Lair:2   | You add the spells Freeze, Frozen Ramparts and Hailstorm to
                  | your library.
 15394 | Lair:3   | Found a staircase to the Swamp.
 15429 | Lair:3   | You add the spells Ozocubu's Armour and Metabolic
                  | Englaciation to your library.
 15452 | Lair:3   | You add the spells Portal Projectile and Leda's
                  | Liquefaction to your library.
 15511 | Lair:3   | Identified the +7 triple sword "Umiej" {flame, rPois Str+2}
                  | (Okawaru gifted it to you on level 3 of the Lair of Beasts)
 15511 | Lair:3   | Received a gift from Okawaru
 15512 | Lair:3   | Reached skill level 3 in Shields
 15524 | Lair:3   | Reached skill level 11 in Fighting
 15532 | Lair:3   | Reached skill level 4 in Shields
 15534 | Lair:3   | g - the +7 triple sword "Umiej" {flame, rPois Str+2, rare}
 15575 | Lair:3   | the +7 triple sword "Umiej" {flame, rPois Str+2, rare}
                  | bursts into flame!
 15575 | Lair:3   | g - the +7 triple sword "Umiej" (weapon) {flame, rPois
                  | Str+2, rare}
 15576 | Lair:3   | Your damage rating with the +7 triple sword "Umiej" {flame,
                  | rPois Str+2, rare} is about 46 (Base 19 x 132% (Dex) x 156%
                  | (Skill) + 7 (Ench)).
 16076 | Lair:3   | Reached skill level 1 in Invocations
 16747 | Lair:4   | Reached skill level 5 in Shields
 16749 | Lair:4   | Reached skill level 2 in Invocations
 16787 | Lair:4   | Identified the +0 scimitar of Thoughtfulness {heavy, Dex+2}
                  | (Okawaru gifted it to you on level 4 of the Lair of Beasts)
 16787 | Lair:4   | Received a gift from Okawaru
 17164 | Lair:5   | Entered Level 5 of the Lair of Beasts
 17297 | Lair:5   | Found a staircase to the Slime Pits.
 17309 | Lair:5   | Reached skill level 6 in Shields
 17309 | Lair:5   | Reached skill level 3 in Invocations
 17537 | Lair:5   | Reached skill level 14 in Dodging
 17537 | Lair:5   | Identified the +0 pair of gloves "Legriqich" {Will+ Str+3
                  | Int-5} (Okawaru gifted it to you on level 5 of the Lair of
                  | Beasts)
 17537 | Lair:5   | Received a gift from Okawaru
 17538 | Lair:5   | Reached XP level 14. HP: 107/113 MP: 16/16
 17610 | Lair:5   | Reached skill level 8 in Armour
 17833 | Lair:5   | Reached skill level 4 in Invocations
 17848 | Lair:5   | Reached skill level 7 in Shields
 18116 | Lair:5   | HP: 25/114 [spriggan rider/+0 spear (11)]
 18206 | Lair:5   | Reached skill level 12 in Fighting
 18835 | Lair:5   | HP: 24/115 [eight-headed hydra[a boggart] (8)]
 18899 | Lair:5   | HP: 25/115 [blink frog (11)]
 18914 | Lair:5   | Reached skill level 8 in Shields
 18943 | Lair:5   | Reached skill level 5 in Invocations
 19433 | Lair:5   | magus.rc [v1.11.6]
 19580 | D:11     | Found a staircase to the Orcish Mines.
 19622 | D:11     | the +7 triple sword "Umiej" {flame, rPois Str+2, rare}
                  | stops flaming.
 19652 | D:11     | You add the spells Volatile Blastmotes, Dazzling Flash,
                  | Iskenderun's Mystic Blast and Starburst to your library.
 19672 | D:11     | the +7 triple sword "Umiej" {flame, rPois Str+2, rare}
                  | bursts into flame!
 19672 | D:11     | g - the +7 triple sword "Umiej" (weapon) {flame, rPois
                  | Str+2, rare}
 19732 | D:11     | the +7 triple sword "Umiej" {flame, rPois Str+2, rare}
                  | stops flaming.
 19867 | D:11     | Found a frozen archway.
 19894 | D:11     | HP: 22/116 [ice dragon (9)]
 19904 | D:11     | Received a gift from Okawaru
 19985 | D:11     | the +7 triple sword "Umiej" {flame, rPois Str+2, rare}
                  | bursts into flame!
 19985 | D:11     | g - the +7 triple sword "Umiej" (weapon) {flame, rPois
                  | Str+2, rare}
 20119 | IceCv    | Entered an ice cave
 20183 | IceCv    | Reached skill level 15 in Dodging
 20235 | IceCv    | Identified the +2 helmet "Onorghigo" {rElec rF- rC++ Dex+3}
 20358 | IceCv    | Reached skill level 9 in Shields
 20569 | IceCv    | Reached skill level 6 in Invocations
 20772 | IceCv    | Noticed a quicksilver ooze
 20777 | IceCv    | Killed a quicksilver ooze
 20872 | IceCv    | Noticed an azure jelly
 20879 | IceCv    | Noticed an azure jelly
 20880 | IceCv    | Killed an azure jelly
 20887 | IceCv    | Killed an azure jelly
 20892 | IceCv    | Found a viscous altar of Jiyva.
 20913 | IceCv    | You add the spells Anguish, Cause Fear and Enfeeble to your
                  | library.
 20914 | IceCv    | Identified the amulet "Osejuas" {Regen+ rCorr}
 21129 | D:11     | Reached XP level 15. HP: 121/122 MP: 19/19
 21310 | D:11     | Your damage rating with the +7 triple sword "Umiej" {flame,
                  | rPois Str+2, rare} is about 50 (Base 19 x 130% (Dex) x 160%
                  | (Skill) + 11 (Ench + Slay)).
 21310 | D:11     | the +7 triple sword "Umiej" {flame, rPois Str+2, rare}
                  | stops flaming.
 21311 | D:11     | the +7 triple sword "Umiej" {flame, rPois Str+2, rare}
                  | bursts into flame!
 21311 | D:11     | g - the +7 triple sword "Umiej" (weapon) {flame, rPois
                  | Str+2, rare}
 21349 | Orc:1    | Entered Level 1 of the Orcish Mines
 21511 | Orc:2    | Entered Level 2 of the Orcish Mines
 21616 | Orc:2    | Found a staircase to the Elven Halls.
 21640 | Orc:1    | Found a dark tunnel.
 21663 | Volcano  | Entered a volcano
 21758 | Volcano  | Reached skill level 10 in Shields
 21947 | Orc:1    | the +7 triple sword "Umiej" {flame, rPois Str+2, rare}
                  | stops flaming.
 21964 | Orc:1    | Noticed Erica
 21970 | Orc:1    | Killed Erica
 22239 | Orc:2    | Reached skill level 13 in Fighting
 22465 | Orc:2    | Reached skill level 7 in Invocations
 22594 | Orc:2    | Paralysed by an orc sorcerer for 4 turns
 22722 | Orc:2    | Found Daheix's Antique Armour Emporium.
 22722 | Orc:2    | Found Fuim's Antique Weapon Emporium.
 22723 | Orc:2    | Found Tafini's Weapon Shoppe.
 22727 | Orc:2    | Found Mibeshu's Armour Shoppe.
 22750 | Orc:2    | Found a radiant altar of Vehumet.
 23003 | Orc:2    | Bought a +0 pair of boots for 67 gold pieces
 23174 | D:12     | s - the +7 triple sword "Umiej" {flame, rPois Str+2, rare}
 23419 | D:12     | Found a gate leading to a gauntlet.
 23424 | Gauntlet | Entered a Gauntlet
 23424 | Gauntlet | Found a transporter.
 23424 | Gauntlet | Found a transporter.
 23436 | Gauntlet | Found a transporter.
 23448 | Gauntlet | Found a transporter.
 23457 | Gauntlet | Found a transporter.
 23460 | Gauntlet | Found a transporter.
 23468 | Gauntlet | Identified a potion of experience
 23469 | Gauntlet | Found a transporter.
 23491 | Gauntlet | Found a transporter.
 23516 | Gauntlet | Found a transporter.
 23525 | Gauntlet | Found a transporter.
 23529 | Gauntlet | Found a transporter.
 23614 | Gauntlet | Found a transporter.
 23646 | Gauntlet | Reached skill level 1 in Evocations
 23656 | Gauntlet | Reached skill level 16 in Dodging
 23656 | Gauntlet | Reached skill level 11 in Shields
 23656 | Gauntlet | Reached skill level 2 in Evocations
 23656 | Gauntlet | Reached XP level 16. HP: 111/131 MP: 21/21
 23701 | Gauntlet | Identified the +6 rapier of Odok {freeze, rC+ Str+5}
 23868 | D:12     | Noticed Rupert
 23902 | D:12     | Killed Rupert
 23902 | D:12     | Received a gift from Okawaru
 23985 | D:12     | You add the spell Scorch to your library.
 23985 | D:12     | Got the Quarto of the Distorted Arsonist
 24153 | D:12     | magus.rc [v1.11.6]
 24158 | D:13     | Noticed Urug
 24158 | D:13     | Found a gate to the Vaults.
 24181 | D:13     | You drop the +7 triple sword "Umiej" {flame, rPois Str+2,
                  | rare}.
 24210 | D:13     | Reached skill level 8 in Invocations
 24210 | D:13     | Reached skill level 3 in Evocations
 24258 | D:13     | Killed Urug
 24292 | D:13     | You add the spells Foxfire and Fireball to your library.
 24594 | D:13     | Identified the +5 demon blade of Accidental Termination
                  | {freeze, rElec rF++ Int+3} (Okawaru gifted it to you on
                  | level 13 of the Dungeon)
 24594 | D:13     | Received a gift from Okawaru
 24685 | D:13     | Found Ilamnilo's Distillery.
 24691 | D:13     | Bought a potion of curing for 51 gold pieces
 24691 | D:13     | Bought a potion of might for 68 gold pieces
 24691 | D:13     | Bought 2 potions of invisibility for 272 gold pieces
 24691 | D:13     | Bought a potion of might for 68 gold pieces
 24691 | D:13     | Bought a potion of curing for 51 gold pieces
 25019 | D:14     | Reached skill level 12 in Shields
 25080 | D:14     | You add the spells Ignite Poison, Sticky Flame and Ignition
                  | to your library.
 25172 | D:14     | Reached skill level 4 in Evocations
 25424 | D:14     | Noticed Nessos
 25437 | D:14     | Killed Nessos
 25690 | D:15     | Entered Level 15 of the Dungeon
 25807 | D:15     | Received a gift from Okawaru
 25808 | D:15     | Reached XP level 17. HP: 74/138 MP: 21/23
 25869 | D:15     | Could not pick up a +1 double sword of draining {rare}
                  | here; ([A]lways) ignore it?
 25869 | D:15     | Could not pick up a +1 double sword of draining {rare}
                  | here; ([A]lways) ignore it?
 25877 | D:15     | Found a glowing golden altar of the Shining One.
 25933 | D:14     | Reached skill level 14 in Fighting
 26231 | D:15     | Reached skill level 9 in Invocations
 26302 | D:15     | Noticed Agnes
 26318 | D:15     | Killed Agnes
 26462 | D:15     | Reached skill level 5 in Evocations
 26512 | D:15     | Reached skill level 17 in Dodging
 26528 | D:15     | Found a staircase to the Depths.
 26558 | D:15     | Received a gift from Okawaru
 26870 | D:15     | magus.rc [v1.11.6]
 27053 | Swamp:1  | Entered Level 1 of the Swamp
 27131 | Swamp:1  | Received a gift from Okawaru
 27184 | Swamp:1  | Reached skill level 13 in Shields
 27372 | Swamp:1  | You add the spell Maxwell's Capacitive Coupling to your
                  | library.
 27424 | Swamp:1  | You add the spells Ozocubu's Refrigeration and Polar Vortex
                  | to your library.
 27701 | Swamp:2  | Identified the +5 whip of the Ancient Scars {holy, rPois
                  | rC- Int+3}
 27781 | Swamp:2  | You add the spells Sting, Poisonous Vapours and Olgreb's
                  | Toxic Radiance to your library.
 28211 | Swamp:2  | magus.rc [v1.11.6]
 28252 | Swamp:3  | Received a gift from Okawaru
 28253 | Swamp:3  | Reached skill level 6 in Evocations
 28327 | Swamp:3  | You add the spell Dragon Form to your library.
 28345 | Swamp:3  | Reached skill level 10 in Invocations
 28744 | Swamp:3  | magus.rc [v1.11.6]
 28770 | Swamp:4  | Entered Level 4 of the Swamp
 28990 | Swamp:3  | Reached skill level 14 in Shields
 29265 | Swamp:4  | Reached skill level 15 in Fighting
 29291 | Swamp:4  | Reached XP level 18. HP: 74/149 MP: 25/25
 29304 | Swamp:4  | Identified the +0 robe "Russott" {rC- Int+7} (Okawaru
                  | gifted it to you on level 4 of the Swamp)
 29304 | Swamp:4  | Received a gift from Okawaru
 29309 | Swamp:4  | Reached skill level 18 in Dodging
 29969 | Swamp:4  | Got a decaying rune of Zot
 30167 | Swamp:4  | magus.rc [v1.11.6]
 30279 | Spider:1 | Entered Level 1 of the Spider Nest
 30592 | Spider:1 | Reached skill level 15 in Shields
 30771 | Spider:1 | You add the spell Sublimation of Blood to your library.
 30857 | Spider:1 | Reached skill level 3 in Throwing
 32029 | Spider:2 | Reached skill level 4 in Throwing
 32523 | Spider:2 | Reached skill level 19 in Dodging
 32660 | Spider:2 | Reached skill level 16 in Fighting
 33304 | Spider:3 | Identified the +6 falchion of Feemun {protect, Fragile
                  | rElec rF+ Int+4} (Okawaru gifted it to you on level 3 of
                  | the Spider Nest)
 33304 | Spider:3 | Received a gift from Okawaru
 33305 | Spider:3 | Reached skill level 5 in Throwing
 33346 | Spider:3 | You add the spells Inner Flame and Yara's Violent
                  | Unravelling to your library.
 33884 | Spider:3 | Reached XP level 19. HP: 157/157 MP: 26/26
 34130 | Spider:3 | Received a gift from Okawaru
 34131 | Spider:3 | Reached skill level 6 in Throwing
 34354 | Spider:3 | Reached skill level 9 in Armour
 34796 | Spider:4 | Entered Level 4 of the Spider Nest
 35447 | Spider:4 | Received a gift from Okawaru
 35448 | Spider:4 | Reached skill level 7 in Throwing
 35464 | Spider:4 | Reached skill level 20 in Dodging
 35637 | Spider:4 | Found the crystal ball of Wucad Mu {*channel}
 35684 | Spider:4 | Reached skill level 17 in Fighting
 35790 | Spider:4 | Identified the +1 hat of the Pink Corner {rC+}
 35814 | Spider:4 | Got a gossamer rune of Zot
 36337 | Spider:4 | magus.rc [v1.11.6]
 36521 | Vaults:1 | Entered Level 1 of the Vaults
 36793 | Vaults:1 | Reached skill level 8 in Throwing
 36829 | Vaults:1 | Identified the +1 rapier of Qaimeown {freeze, *Noise Will++
                  | Str-3 Int+9}
 36999 | Vaults:1 | Identified the +3 spear "Mudaebb" {holy, +Blink} (Okawaru
                  | gifted it to you on level 1 of the Vaults)
 36999 | Vaults:1 | Received a gift from Okawaru
 37077 | Vaults:1 | Reached skill level 10 in Armour
 37247 | Vaults:1 | Noticed Donald
 37257 | Vaults:1 | Killed Donald
 37320 | Vaults:1 | Reached XP level 20. HP: 157/168 MP: 27/27
 37513 | Vaults:1 | Identified the +5 helmet "Earthly Heaven" {+Inv rF+ Regen+}
                  | (Okawaru gifted it to you on level 1 of the Vaults)
 37513 | Vaults:1 | Received a gift from Okawaru
 38184 | Vaults:1 | Reached skill level 9 in Throwing
 38207 | Vaults:1 | Reached skill level 21 in Dodging
 38398 | Vaults:2 | HP: 41/170 [vault warden/+1 glaive (17)]
 38403 | Vaults:2 | HP: 42/170 [harpy (4)]
 38714 | Vaults:2 | Reached skill level 18 in Fighting
 39118 | Vaults:2 | Found a staircase to the Crypt.
 39385 | Vaults:2 | Reached skill level 10 in Throwing
 39483 | Vaults:2 | Found Onaqa's Armour Emporium.
 39537 | Vaults:2 | Received a gift from Okawaru
 39692 | Vaults:2 | Reached skill level 11 in Armour
 40080 | Vaults:3 | Noticed Nikola
 40094 | Vaults:3 | Killed Nikola
 40095 | Vaults:3 | Reached XP level 21. HP: 52/178 MP: 28/28
 40360 | Vaults:3 | Noticed Mennas
 40401 | Vaults:3 | Reached skill level 22 in Dodging
 40589 | Vaults:3 | HP: 44/178 [Mennas/+2 trishula of holy wrath (20)]
 40591 | Vaults:3 | HP: 20/178 [Mennas/+2 trishula of holy wrath (24)]
 40597 | Vaults:3 | Killed Mennas
 40597 | Vaults:3 | Identified the -2 pair of boots of the Comet {SInv}
                  | (Okawaru gifted it to you on level 3 of the Vaults)
 40597 | Vaults:3 | Received a gift from Okawaru
 40775 | Vaults:3 | Found the +3 pair of seven-league boots {Rampage+∞}
 40886 | Vaults:3 | Reached skill level 11 in Throwing
 41184 | Vaults:3 | Reached skill level 19 in Fighting
 42147 | Vaults:4 | Reached skill level 7 in Stealth
 42388 | Vaults:4 | Found Dyziduap's Armour Shop.
 42389 | Vaults:4 | Found Pidum's Distillery.
 42390 | Vaults:4 | Identified +0 gold dragon scales
 42409 | Vaults:4 | Received a gift from Okawaru
 42419 | Vaults:4 | Reached skill level 12 in Throwing
 42448 | Vaults:4 | Noticed Bai Suzhen
 42466 | Vaults:4 | Killed Bai Suzhen
 42467 | Vaults:4 | Reached skill level 12 in Armour
 42619 | Vaults:4 | Reached skill level 8 in Stealth
 42875 | Vaults:4 | Found Cunat's Antique Weapon Boutique.
 43162 | Depths:1 | Entered Level 1 of the Depths
 43165 | Depths:1 | Noticed Aizul
 43213 | D:15     | Killed Aizul
 43229 | D:15     | Reached XP level 22. HP: 67/189 MP: 29/29
 43469 | Depths:1 | Noticed a golden dragon
 43506 | Depths:1 | Reached skill level 9 in Stealth
 43759 | Depths:1 | Killed a golden dragon
 43962 | Depths:1 | Reached skill level 20 in Fighting
 44047 | Depths:1 | Reached skill level 7 in Evocations
 44075 | Depths:1 | Identified a scroll of acquirement
 44112 | Depths:1 | Acquired a manual of Throwing
 44202 | Depths:1 | Received a gift from Okawaru
 44378 | Depths:1 | Reached skill level 13 in Throwing
 44583 | Depths:1 | Found a gateway to Hell.
 44628 | Depths:1 | Found a one-way gate to the infinite horrors of the Abyss.
 44629 | Depths:1 | Found a corrupted altar of Lugonu.
 44914 | Depths:1 | Identified the +5 falchion of Muepudaw {spect, rF+}
                  | (Okawaru gifted it to you on level 1 of the Depths)
 44914 | Depths:1 | Received a gift from Okawaru
 44970 | Depths:1 | Reached skill level 10 in Stealth
 45451 | Hell     | Entered the Vestibule of Hell
 45451 | Hell     | Noticed Geryon
 45547 | Depths:2 | Identified the +2 glaive of the Hurling Gods {drain, rN+}
 45635 | Depths:2 | Found a one-way gate leading to the halls of Pandemonium.
 45727 | Depths:2 | Reached skill level 8 in Evocations
 45879 | Depths:2 | Received a gift from Okawaru
 45888 | Depths:2 | Reached skill level 14 in Throwing
 45906 | Depths:2 | Identified the +2 robe "Emaehe" {Str+3} (Okawaru gifted it
                  | to you on level 2 of the Depths)
 45906 | Depths:2 | Received a gift from Okawaru
 46246 | Depths:2 | Found an opulent altar of Gozag.
 46548 | Depths:2 | Reached skill level 11 in Stealth
 46900 | Depths:2 | Found a burning altar of Makhleb.
 46914 | Depths:2 | Identified the ring of Teojust {rF+++ rC- rCorr EV+5 Str-2}
 46919 | Depths:2 | Identified the +6 dagger of the Supporting Lamprey {spect,
                  | Fragile rElec Will+++ rCorr}
 47016 | Depths:2 | Reached skill level 9 in Evocations
 47360 | Depths:3 | Found a one-way gateway to a ziggurat.
 47481 | Depths:3 | Reached XP level 23. HP: 139/198 MP: 30/30
 47767 | Depths:3 | Reached skill level 15 in Throwing
 47950 | Depths:3 | Noticed a golden dragon
 47979 | Depths:3 | Killed a golden dragon
 47979 | Depths:3 | Identified +0 gold dragon scales
 47984 | Depths:3 | Noticed a caustic shrike
 48001 | Depths:3 | Killed a caustic shrike
 48032 | Depths:3 | Reached skill level 12 in Stealth
 48059 | Depths:3 | Reached skill level 21 in Fighting
 48062 | Depths:3 | Paralysed by a floating eye for 3 turns
 48086 | Depths:3 | Noticed a caustic shrike
 48106 | Depths:3 | Killed a caustic shrike
 48106 | Depths:3 | Received a gift from Okawaru
 48304 | Depths:3 | Noticed a golden dragon
 48319 | Depths:3 | Killed a golden dragon
 48319 | Depths:3 | Identified +0 gold dragon scales
 48321 | Depths:3 | +0 gold dragon scales {rare}; a golden dragon corpse
 48322 | Depths:3 | F - +0 gold dragon scales {rare}
 48333 | Depths:3 | You finish putting on your +0 gold dragon scales {rare}.
 48338 | Depths:3 | You finish taking off your +0 gold dragon scales {rare}.
 48478 | Depths:3 | Identified the +8 chain mail of Slovenliness {rN+ Will+
                  | Str-4}
 48543 | Depths:3 | You add the spells Lee's Rapid Deconstruction and Statue
                  | Form to your library.
 48573 | Depths:3 | You add the spells Blink, Momentum Strike and Lesser
                  | Beckoning to your library.
 48905 | Depths:3 | Reached skill level 10 in Evocations
 49004 | Depths:4 | Entered Level 4 of the Depths
 49090 | Depths:3 | Reached skill level 16 in Throwing
 49336 | Depths:4 | quicksilver dragon scales {rare}; a quicksilver dragon
                  | corpse
 49353 | Depths:4 | quicksilver dragon scales {rare}; a quicksilver dragon
                  | corpse
 49437 | Depths:4 | Found a gate to the Realm of Zot.
 49454 | Depths:4 | Identified the +2 pair of gloves of Ivodiaj {Rampage}
                  | (Okawaru gifted it to you on level 4 of the Depths)
 49454 | Depths:4 | Received a gift from Okawaru
 49692 | Depths:4 | Found Tusintex's Distillery.
 49928 | Depths:4 | Reached skill level 16 in Shields
 50079 | Depths:4 | Found Ixtaudwo's General Store.
 50088 | Depths:4 | Bought a potion of haste for 220 gold pieces
 50117 | Depths:4 | Found a blossoming altar of Fedhas.
 50145 | Depths:4 | Found Tyde's Assorted Antiques.
 50150 | Depths:4 | Bought a wand of quicksilver (5) for 525 gold pieces
 50150 | Depths:4 | Bought a wand of quicksilver (2) for 210 gold pieces
 50218 | Depths:4 | Reached skill level 11 in Evocations
 50472 | Elf:1    | Entered Level 1 of the Elven Halls
 50579 | Elf:1    | You add the spells Stone Arrow and Flame Wave to your
                  | library.
 50579 | Elf:1    | Got the Compilation of the New World
 51097 | Elf:1    | Reached XP level 24. HP: 210/210 MP: 30/30
 51300 | Elf:1    | Identified the ring of Zasefeul {Fire Contam rCorr SInv
                  | Stlth+}
 51822 | Elf:2    | Found Fommeh's Jewellery Shoppe.
 51822 | Elf:2    | Found Wineit's Book Boutique.
 51826 | Elf:2    | Found Peremuf's Jewellery Shoppe.
 51834 | Elf:2    | You add the spell Blade Hands to your library.
 51840 | Elf:2    | Bought the amulet of Surus {Spirit Fly Dex+4} for 665 gold
                  | pieces
 52042 | Elf:2    | Found a runed translucent gate.
 52043 | Elf:2    | Found a runed translucent gate.
 52043 | Elf:2    | Found a runed translucent gate.
 52431 | Elf:2    | Identified the +6 chain mail "Watataz" {rC- Regen+ Str+3}
                  | (Okawaru gifted it to you on level 2 of the Elven Halls)
 52431 | Elf:2    | Received a gift from Okawaru
 52849 | Elf:3    | Entered Level 3 of the Elven Halls
 52868 | Elf:3    | Reached skill level 22 in Fighting
 53085 | Elf:3    | Identified the +8 chain mail of Immorality {MP+9 Int+5
                  | Dex-4}
 53375 | Elf:3    | You add the spells Swiftness and Dispel Undead to your
                  | library.
 53375 | Elf:3    | Got the Guide on Aerial Shadows
 53457 | Elf:3    | Reached skill level 12 in Evocations
 53692 | Elf:3    | Reached skill level 13 in Armour
 53881 | Elf:3    | Paralysed by an air elemental for 1 turns
 54023 | Elf:3    | Identified the +5 trident of Tatwyroddo {chaos, Fragile
                  | rPois Str+2 Int+4}
 54408 | Elf:3    | Reached skill level 17 in Shields
 54593 | Elf:3    | Found the +8 trishula "Condemnation" {holy, anguish, *Noise
                  | Fly rN+}
 54599 | Elf:3    | Identified the staff of earth "Ywuid" {rElec Dex+3 SInv}
 54601 | Elf:3    | You add the spells Necrotise and Necromutation to your
                  | library.
 54601 | Elf:3    | Got Ocuvveg's Encyclopedia of Necrotic Conflagration
 54629 | Elf:3    | Found the +7 captain's cutlass {speed, disarm}
 54632 | Elf:3    | Identified the +11 spear "Beastslayer" {flame, Str+2}
 54727 | Elf:3    | You add the spell Petrify to your library.
 54728 | Elf:3    | Identified the ring "Yreiwnepn" {Fly rC+ rN+ Str+2}
 54736 | Elf:3    | You add the spells Static Discharge and Chain Lightning to
                  | your library.
 54736 | Elf:3    | Got Eniel's Directory of Astrapomancy
 54745 | Elf:3    | You add the spell Orb of Destruction to your library.
 54765 | Elf:3    | You add the spells Shock, Mephitic Cloud and Shatter to
                  | your library.
 54765 | Elf:3    | Got the Parchment of the Eleven Eyes
 54767 | Elf:3    | You add the spells Passage of Golubria, Silence and
                  | Lehudib's Crystal Spear to your library.
 54780 | Elf:3    | Identified the +7 hand axe "Beetleslayer" {heavy, rElec rF-
                  | Will+++ Str-5}
 54783 | Elf:3    | You add the spell Cigotuvi's Dreadful Rot to your library.
 54783 | Elf:3    | Got the Elucidation of Direction and Pollution
 54811 | Elf:3    | You finish putting on your +0 gold dragon scales {rare}.
 54816 | Elf:3    | You finish taking off your +0 gold dragon scales {rare}.
 55105 | D:14     | Identified the +6 rapier of Midwinter {vamp, Int+3 Dex+5
                  | Stlth+}
 56047 | Vaults:5 | Entered Level 5 of the Vaults
 56063 | Vaults:5 | Received a gift from Okawaru
 56324 | Vaults:5 | Identified +0 gold dragon scales
 56344 | Vaults:5 | Reached XP level 25. HP: 215/217 MP: 30/30
 56355 | Vaults:5 | Received a gift from Okawaru
 56361 | Vaults:5 | Reached skill level 14 in Armour
 56369 | Vaults:5 | Reached skill level 13 in Evocations
 56554 | Vaults:5 | Identified the staff of poison "Ogoin" {rPois Int+4}
 56558 | Vaults:5 | Identified the ring "Yfeddioreu" {Fly Str+2}
 56764 | Vaults:5 | Received a gift from Okawaru
 56826 | Vaults:5 | Noticed a dread lich
 56864 | Vaults:5 | Killed a dread lich
 56904 | Vaults:5 | Identified the ring "Diereh" {rF+ rCorr Int-3 Stlth+}
 57173 | Vaults:5 | Identified +0 gold dragon scales
 57184 | Vaults:5 | +0 gold dragon scales {rare}; a golden dragon corpse
 57209 | Vaults:5 | HP: 39/208 [shadow dragon/bolt of negative energy (23)]
 57210 | Vaults:5 | Received a gift from Okawaru
 57560 | Vaults:5 | +0 gold dragon scales {rare}; a golden dragon skeleton
 57569 | Vaults:5 | Gained mutation: You do not regenerate when monsters are
                  | visible. [a shining eye]
 57576 | Vaults:5 | +0 gold dragon scales {rare}; a golden dragon skeleton
 57684 | Vaults:4 | magus.rc [v1.11.6]
 57697 | Vaults:5 | Identified the +3 war axe of Past Mistakes {elec, rC+
                  | Dex+2}
 57718 | Vaults:5 | Identified the +2 robe of Anaesthesia {*Slow rF+ Int+3}
                  | (Okawaru gifted it to you on level 5 of the Vaults)
 57718 | Vaults:5 | Received a gift from Okawaru
 57757 | Vaults:4 | HP: 48/214 [ettin/+0 dire flail (7)]
 58185 | Vaults:4 | +0 shadow dragon scales {rare}; a shadow dragon corpse
 58259 | Vaults:4 | HP: 45/212 [shadow dragon (11)]
 58260 | Vaults:4 | Reached skill level 18 in Shields
 58267 | Vaults:4 | +0 shadow dragon scales {rare}; a shadow dragon corpse
 58650 | Vaults:4 | +0 shadow dragon scales {rare}; a shadow dragon corpse; a
                  | shadow dragon skeleton
 58674 | Vaults:4 | +0 shadow dragon scales {rare}; a shadow dragon corpse
 58929 | Vaults:4 | Found Dyziduap's Armour Shop.
 58933 | Vaults:4 | Found Pidum's Distillery.
 59440 | Vaults:4 | Reached skill level 15 in Armour
 59944 | Vaults:5 | Got Wutu's Catalogue of Helpful Interference
 59956 | Vaults:5 | Identified the +4 short sword of Isuasubo {flame, Fly MP+9
                  | SInv Stlth+}
 60055 | Vaults:5 | Identified the amulet "Nuirej" {Faith Dex+2}
 60060 | Vaults:5 | Got a silver rune of Zot
 60065 | Vaults:5 | Identified the amulet of Waedib {Acrobat Str+2 Int-5 Dex+3}
 60684 | Slime:1  | Entered Level 1 of the Pits of Slime
 60707 | Slime:1  | Gained mutation: You are weak. (Str -2) [a shining eye]
 60726 | Lair:5   | Reached skill level 14 in Evocations
 61137 | Slime:1  | Gained mutation: Your body sometimes deteriorates upon
                  | taking damage. [a shining eye]
 61810 | Slime:3  | Found a viscous altar of Jiyva.
 62015 | Slime:4  | Noticed Dissolution
 62022 | Slime:4  | Killed Dissolution
 62434 | Slime:5  | Entered Level 5 of the Pits of Slime
 62603 | Slime:3  | Reached XP level 26. HP: 207/224 MP: 30/30
 63809 | Slime:5  | Noticed the Royal Jelly
 63830 | Slime:5  | Reached skill level 16 in Armour
 63850 | Slime:5  | Found a viscous altar of Jiyva.
 63879 | Slime:5  | Killed the Royal Jelly
 64253 | Slime:5  | Found the +8 demon blade "Leech" {evervamp, Harm Drain rN+}
 64254 | Slime:5  | Identified the +0 leather armour of the Hot Ocelot {Dex+3}
 64254 | Slime:5  | Found the +5 Lochaber axe {reach-cleave, Poleaxe Drain}
 64294 | Slime:5  | Identified the staff of conjuration "Ufuex" {rF+ rN+ rCorr}
 64308 | Slime:5  | Got a slimy rune of Zot
 64338 | Slime:5  | You add the spells Borgnjor's Revivification and Death's
                  | Door to your library.
 64386 | Slime:5  | Identified the +8 chain mail "Hoqadghics" {Int+3 SInv}
 64400 | Slime:5  | You add the spells Slow, Vampiric Draining and Confusing
                  | Touch to your library.
 64404 | Slime:5  | You add the spells Manifold Assault and Storm Form to your
                  | library.
 64406 | Slime:5  | Got Hirphup's Discursus on the Queen Bee and the Mountains
 64433 | Slime:5  | Lost mutation: You are weak. (Str -2) [potion of mutation]
 64433 | Slime:5  | Lost mutation: Your body sometimes deteriorates upon taking
                  | damage. [potion of mutation]
 64433 | Slime:5  | Lost mutation: You do not regenerate when monsters are
                  | visible. [potion of mutation]
 64433 | Slime:5  | Gained mutation: You are vulnerable to cold. (rC-) [potion
                  | of mutation]
 64433 | Slime:5  | Gained mutation: Your mind is acute. (Int +4, Str/Dex -1)
                  | [potion of mutation]
 64433 | Slime:5  | Gained mutation: You occasionally shout uncontrollably at
                  | your foes. [potion of mutation]
 64440 | Slime:5  | Identified the +0 leather armour "Dozitry" {rPois Slay+3}
 64549 | Slime:5  | magus.rc [v1.11.6]
 64963 | Zot:1    | Entered Level 1 of the Realm of Zot
 65000 | Zot:1    | Reached skill level 15 in Evocations
 65048 | Zot:1    | Identified the +0 pair of gloves of the Bulwark {Will-
                  | Str-2 Int+3 Dex+5} (Okawaru gifted it to you on level 1 of
                  | the Realm of Zot)
 65048 | Zot:1    | Received a gift from Okawaru
 65547 | Zot:1    | Reached skill level 19 in Shields
 66402 | Zot:2    | Noticed a curse toe
 66408 | Zot:2    | Killed a curse toe
 66673 | Zot:2    | +0 shadow dragon scales {rare}; a shadow dragon skeleton
 66677 | Zot:2    | +0 shadow dragon scales {rare}; a shadow dragon skeleton
 66802 | Zot:2    | Identified +0 gold dragon scales
 66822 | Zot:2    | +0 gold dragon scales {rare}; a golden dragon corpse
 68558 | Zot:3    | magus.rc [v1.11.6]
 69389 | Zot:3    | Reached skill level 17 in Armour
 69860 | Zot:4    | Acquired the +15 Maxwell's patent armour {-Cast -Tele rElec
                  | Will+ rCorr}
 69860 | Zot:4    | Found the +15 Maxwell's patent armour {-Cast -Tele rElec
                  | Will+ rCorr}
 70237 | Zot:4    | You finish putting on your +0 gold dragon scales {rare}.
 70242 | Zot:4    | You finish taking off your +0 gold dragon scales {rare}.
 70267 | Zot:5    | Entered Level 5 of the Realm of Zot
 70276 | Zot:5    | Noticed a Killer Klown
 70301 | Zot:5    | Killed a Killer Klown
 70487 | Zot:5    | Noticed a Killer Klown
 70518 | Zot:5    | Killed a Killer Klown
 70546 | Zot:5    | You add the spell Ensorcelled Hibernation to your library.
 70955 | Zot:5    | Reached skill level 16 in Evocations
 70962 | Zot:5    | Received a gift from Okawaru
 71081 | Zot:5    | Reached XP level 27. HP: 218/231 MP: 29/30
 71196 | Zot:5    | Identified the +0 scale mail of Impressiveness {*Corrode
                  | Int+5 Dex+3} (Okawaru gifted it to you on level 5 of the
                  | Realm of Zot)
 71196 | Zot:5    | Received a gift from Okawaru
 71353 | Zot:5    | Noticed an orb of fire
 71361 | Zot:5    | Gained mutation: You are weak. (Str -2) [an orb of fire]
 71365 | Zot:5    | Gained mutation: Your spells are a little harder to cast,
                  | but a little more powerful. [an orb of fire]
 71374 | Zot:5    | Killed an orb of fire
 71421 | Zot:5    | Noticed an ancient lich
 71439 | Zot:5    | Noticed an orb of fire
 71450 | Zot:5    | Killed an ancient lich
 71454 | Zot:5    | Gained mutation: Armour fits poorly on your strangely
                  | shaped body. [an orb of fire]
 71461 | Zot:5    | Gained mutation: You frequently scream uncontrollably at
                  | your foes. [an orb of fire]
 71462 | Zot:5    | Killed an orb of fire
 71507 | Zot:4    | Lost mutation: Armour fits poorly on your strangely shaped
                  | body. [potion of mutation]
 71507 | Zot:4    | Lost mutation: You are vulnerable to cold. (rC-) [potion of
                  | mutation]
 71507 | Zot:4    | Gained mutation: You are agile. (Dex +4, Str/Int -1)
                  | [potion of mutation]
 71507 | Zot:4    | Gained mutation: Your body sometimes deteriorates upon
                  | taking damage. [potion of mutation]
 71507 | Zot:4    | Gained mutation: You passively map a small area around you.
                  | [potion of mutation]
 71722 | Zot:5    | Noticed an ancient lich
 71730 | Zot:5    | Noticed an ancient lich
 71731 | Zot:5    | Noticed an electric golem
 71735 | Zot:5    | Noticed a dread lich
 71745 | Zot:5    | Killed an ancient lich
 71750 | Zot:5    | Noticed an orb of fire
 71753 | Zot:5    | Killed a dread lich
 71754 | Zot:5    | Reached skill level 20 in Shields
 71763 | Zot:5    | Gained mutation: Your magical capacity is low. (-10% MP)
                  | [an orb of fire]
 71765 | Zot:5    | Gained mutation: You are vulnerable to cold. (rC-) [an orb
                  | of fire]
 71771 | Zot:5    | Lost mutation: Your mind is acute. (Int +4, Str/Dex -1) [an
                  | orb of fire]
 71773 | Zot:5    | Killed an orb of fire
 71784 | Zot:5    | Noticed an orb of fire
 71787 | Zot:5    | Gained mutation: You are partially covered in iridescent
                  | scales. (AC +2) [an orb of fire]
 71792 | Zot:5    | Gained mutation: You are frail. (-10% HP) [an orb of fire]
 71799 | Zot:5    | Killed an ancient lich
 71801 | Zot:5    | Noticed a dread lich
 71806 | Zot:5    | Gained mutation: Your magical capacity is very low. (-20%
                  | MP) [an orb of fire]
 71807 | Zot:5    | Gained mutation: Your body often deteriorates upon taking
                  | damage. [an orb of fire]
 71856 | Zot:5    | Reached skill level 18 in Armour
 71861 | Zot:5    | Killed a dread lich
 71868 | Zot:5    | Identified +0 gold dragon scales
 72141 | Zot:5    | Killed an electric golem
 72265 | Zot:5    | Received a gift from Okawaru
 72285 | Zot:5    | Gained mutation: You occasionally lose the ability to read
                  | scrolls when taking damage. [an orb of fire]
 72302 | Zot:5    | Gained mutation: Armour fits poorly on your strangely
                  | shaped body. [an orb of fire]
 72307 | Zot:5    | Gained mutation: You are dopey. (Int -2) [an orb of fire]
 72320 | Zot:5    | Gained mutation: You are very dopey. (Int -4) [an orb of
                  | fire]
 72326 | Zot:5    | Killed an orb of fire
 72345 | Zot:5    | Received a gift from Okawaru
 72346 | Zot:5    | Reached skill level 17 in Evocations
 72550 | Zot:4    | Lost mutation: You are partially covered in iridescent
                  | scales. (AC +2) [potion of mutation]
 72550 | Zot:4    | Lost mutation: You are agile. (Dex +4, Str/Int -1) [potion
                  | of mutation]
 72550 | Zot:4    | Gained mutation: You are somewhat resistant to further
                  | mutation. [potion of mutation]
 72560 | Zot:5    | +0 gold dragon scales {rare}; +0 shadow dragon scales
                  | {rare}
 72865 | Zot:5    | Noticed an electric golem
 72903 | Zot:5    | Killed an electric golem
 73269 | Zot:5    | +0 gold dragon scales {rare}; +0 shadow dragon scales
                  | {rare}
 73316 | Zot:5    | Got the Orb of Zot
 73364 | Zot:5    | +0 gold dragon scales {rare}; +0 shadow dragon scales
                  | {rare}
 73469 | Zot:1    | Noticed Cuhod the pandemonium lord
 73515 | Depths:4 | Noticed Ocunoer the pandemonium lord
 73554 | Depths:2 | Noticed Weop the pandemonium lord
 73838 | D:7      | Gained mutation: You are clumsy. (Dex -2) [a cacodemon]
 73856 | D:7      | Noticed Bainaw the pandemonium lord
 73919 | D:5      | Killed Edmund
 74057 | D:$      | Escaped with the Orb!

Vanquished Creatures
  the Royal Jelly (Slime:5)
  Dissolution (Slime:4)
  3 dread liches
  4 orbs of fire (Zot:5)
  3 ancient liches (Zot:5)
  Mennas (Vaults:3)
  5 Killer Klowns (Zot:5)
  Bai Suzhen (Vaults:4)
  2 caustic shrikes (Depths:3)
  A curse toe (Zot:2)
  12 golden dragons
  Nikola (Vaults:3)
  2 electric golems (Zot:5)
  A Brimstone Fiend (Depths:2)
  Rupert (D:12)
  4 walking crystal tomes (Depths:3)
  21 tentacled monstrosities
  28 Orb Guardians
  3 walking earthen tomes
  7 quicksilver dragons
  5 liches
  2 deep elf blademasters (Elf:3)
  2 deep elf master archers
  5 titans
  2 walking divine tomes (Depths:3)
  24 acid blobs
  A walking frostbound tome (Depths:3)
  An ancient champion (Vaults:2)
  2 thorn hunters (Swamp:4)
  6 sphinxes
  Gastronok (Lair:1)
  5 death cobs
  9 shadow dragons
  Agnes (D:15)
  2 tengu reavers (Depths:3)
  11 storm dragons
  13 rockslimes
  12 azure jellies
  Donald (Vaults:1)
  2 fenstrider witches
  12 fire giants
  4 draconian knights
  A daeva (Depths:3)
  5 deep elf sorcerers
  7 emperor scorpions
  5 draconian scorchers
  12 frost giants
  24 vault wardens
  4 iron dragons
  Aizul (D:15)
  A balrug (Depths:2)
  An angel (Depths:3)
  3 draconian shifters
  An orc warlord (Vaults:4)
  2 cacodemons
  6 ghost moths
  3 deep elf elementalists
  4 spriggan defenders
  5 broodmothers
  2 war gargoyles (Vaults:5)
  17 ironbound preservers
  A juggernaut skeleton (Depths:3)
  13 stone giants
  7 ironbound thunderhulks
  A caustic shrike skeleton (Depths:3)
  2 vampire knights
  5 black draconians
  10 quicksilver oozes
  21 very ugly things
  4 draconian annihilators
  10 deep elf demonologists
  2 eleionomae
  Nessos (D:14)
  4 green draconians
  8 spark wasps
  8 white draconians
  2 bunyips
  4 yellow draconians
  A minotaur (Gauntlet)
  11 deep elf annihilators
  2 red draconians
  6 purple draconians
  A blizzard demon (Depths:2)
  24 dire elephants
  6 fire dragons
  Josephine (D:10)
  15 ettins
  A green death (Depths:2)
  14 yaktaur captains
  6 deep elf death magi
  2 crystal guardians (Vaults:2)
  7 entropy weavers
  A shambling mangrove (Swamp:2)
  5 jiangshi
  6 great orbs of eyes
  3 rakshasas
  11 deep elf high priests
  10 ice dragons
  30 vault guards
  2 peacekeepers
  An ogre mage (Vaults:5)
  4 centaur warriors
  4 spriggan air magi
  Erica (Orc:1)
  4 ironbound frosthearts
  7 boulder beetles
  20 hydras
  3 ghost crabs
  A jorogumo (Spider:3)
  7 alligators
  3 radroaches
  35 dancing weapons
  5 death yaks (Lair:3)
  4 vampire magi
  6 deep troll shamans
  3 tengu warriors
  3 two-headed ogres
  3 deep troll earth magi
  An orc high priest (Orc:2)
  8 spriggan berserkers
  Urug (D:13)
  18 deep elf knights
  A soul eater (Vaults:2)
  13 hell knights
  7 iron trolls
  A sun demon (Volcano)
  A sun moth (Spider:4)
  Nergalle (D:10)
  2 fire crabs
  5 pharaoh ants
  4 skeletal warriors
  A shadow wraith (Vaults:5)
  A skyshark (Lair:4)
  5 sixfirhies
  17 orb spiders
  42 deep trolls
  11 swamp dragons
  4 goliath frogs
  6 bog bodies
  3 flayed ghosts
  3 glowing orange brains (Slime:5)
  7 steelbarb worms
  A tengu zombie (Depths:3)
  An obsidian statue (Zot:5)
  14 lindwurms
  An orange crystal statue (D:14)
  7 wizards
  3 phantasmal warriors
  11 deep elf archers
  19 ironbound convokers
  8 necromancers
  27 deep elf zephyrmancers
  8 orc knights
  7 harpies
  A shadow dragon skeleton (Depths:3)
  20 deep elf pyromancers
  A mana viper (shapeshifter) (Depths:1)
  27 wolf spiders
  6 orc sorcerers
  8 shining eyes
  40 ugly things
  A tengu skeleton (Depths:1)
  3 will-o-the-wisps (Swamp:2)
  2 stone giant skeletons (Vaults:4)
  A shining eye (shapeshifter) (Vaults:5)
  6 cyclopes
  3 manticores
  25 moths of wrath
  A centaur zombie (D:15)
  11 elephants
  10 demonic crawlers
  21 vault sentinels
  An ice statue (IceCv)
  3 eyes of devastation
  An elephant (shapeshifter) (D:14)
  A human skeleton (Vaults:4)
  A water nymph (shapeshifter) (Depths:4)
  5 black mambas
  6 torpor snails
  3 naga magi (D:15)
  7 cane toads
  A gargoyle (D:9)
  2 centaur skeletons (D:15)
  2 kobold demonologists
  11 komodo dragons
  A komodo dragon (shapeshifter) (Elf:3)
  3 human zombies (Vaults:4)
  Psyche (D:10)
  2 freezing wraiths (Vaults:5)
  3 tengu conjurers
  5 rime drakes
  51 yaktaurs
  A spriggan skeleton (Depths:1)
  2 red devils (Volcano)
  6 trolls
  11 polar bears
  A meliai (shapeshifter) (D:14)
  A shadow dragon simulacrum (Vaults:4)
  7 tyrant leeches
  Grinder (D:4)
  13 hornets
  A human simulacrum (Vaults:4)
  34 tarantellas
  37 blink frogs
  A raiju (Gauntlet)
  A snapping turtle (shapeshifter) (Depths:3)
  3 dream sheep (Lair:5)
  127 slime creatures
  30 culicivoras
  42 jumping spiders
  2 vampires
  2 shadows
  2 water elementals
  An elf skeleton (Vaults:4)
  20 spriggans
  2 wyverns
  An ettin skeleton (Depths:1)
  6 wraiths
  An air elemental (Elf:2)
  31 yaks
  A wyvern (shapeshifter) (Vaults:5)
  2 fire bats (Gauntlet)
  16 humans (D:13)
  3 basilisks
  6 golden eyes
  5 steam dragons
  57 redbacks
  A yaktaur simulacrum (Vaults:4)
  Edmund (D:5)
  8 wargs
  6 swamp worms
  2 acid dragons
  2 floating eyes (Depths:3)
  11 water moccasins
  A hell hound (Volcano)
  7 swamp drakes
  22 orc warriors
  A black bear (shapeshifter) (D:15)
  2 ice beasts
  A sky beast (D:7)
  9 black bears
  4 great orb of eyes simulacra (IceCv)
  6 boggarts
  6 centaurs
  26 wolves
  3 ogres
  A slime creature simulacrum (IceCv)
  A kobold brigand (D:11)
  7 bullfrogs
  7 scorpions
  5 glowing shapeshifter simulacra
  5 earth elementals
  A gnoll sergeant (D:8)
  13 wights
  6 killer bees (D:10)
  3 electric eels
  4 howler monkeys
  2 hounds (D:5)
  23 orc priests
  7 jellies
  A gnoll bouda (D:9)
  5 iguanas
  Natasha (thrice) (D:3)
  26 orc wizards
  3 sleepcaps
  4 shapeshifter simulacra (IceCv)
  Robin (D:3)
  16 gnolls
  11 adders
  2 white imps
  An ufetubus (D:5)
  A worm (D:6)
  4 dart slugs
  63 orcs
  11 bats
  8 endoplasms
  2 giant cockroaches
  16 hobgoblins
  4 jackals
  5 quokkas
  9 ball pythons
  6 frilled lizards
  19 goblins
  4 kobolds
  5 rats
2189 creatures vanquished.

Vanquished Creatures (others)
  A golden dragon (Zot:3)
  A lich (Depths:1)
  A fire giant (Depths:4)
  A draconian knight (Zot:5)
  A war gargoyle (Vaults:5)
  An alligator (Swamp:4)
  A deep elf knight (Elf:3)
  A yaktaur (Vaults:2)
  2 bloated husks
  A culicivora (Spider:4)
  A chaos spawn (Depths:2)
  A redback (Spider:4)
  An orc priest (Orc:2)
  An orc wizard (D:13)
  2 orcs (Vaults:5)
  6 foxfires (Swamp:2)
23 creatures vanquished.

Grand Total: 2212 creatures vanquished

Table legend:
 A = Non-vault XP
 B = Vault XP
 C = Vault XP percentage of total XP
 D = Non-vault monster count
 E = Vault monster count
 F = Vault count percentage of total count
                 A         B        C        D         E       F
            +---------+---------+-------+---------+---------+-------
      Total |  708913 |  629262 |  47.0 |    1363 |     812 |  37.3
            +---------+---------+-------+---------+---------+-------
        D:1 |      38 |       0 |   0.0 |      23 |       0 |   0.0
        D:2 |     138 |      94 |  40.5 |      29 |       4 |  12.1
        D:3 |     141 |     147 |  51.0 |      17 |      30 |  63.8
        D:4 |     267 |     299 |  52.8 |      10 |       4 |  28.6
        D:5 |     487 |     166 |  25.4 |       8 |       1 |  11.1
        D:6 |     665 |      55 |   7.6 |      16 |       7 |  30.4
        D:7 |     707 |       0 |   0.0 |      11 |       0 |   0.0
        D:8 |    2672 |     284 |   9.6 |      42 |       4 |   8.7
        D:9 |    2571 |     573 |  18.2 |      22 |       4 |  15.4
       D:10 |    3082 |    3357 |  52.1 |      16 |      13 |  44.8
       D:11 |    6222 |    2367 |  27.6 |      18 |       7 |  28.0
       D:12 |    1974 |    2691 |  57.7 |      12 |       3 |  20.0
       D:13 |    9268 |    6421 |  40.9 |      26 |      20 |  43.5
       D:14 |    5153 |    1678 |  24.6 |      11 |       2 |  15.4
       D:15 |   25515 |    6383 |  20.0 |      42 |      10 |  19.2
     Lair:1 |    3850 |    4562 |  54.2 |      21 |      12 |  36.4
     Lair:2 |    8193 |    3364 |  29.1 |      29 |      14 |  32.6
     Lair:3 |    7378 |    1376 |  15.7 |      17 |       6 |  26.1
     Lair:4 |    5204 |    1619 |  23.7 |      14 |       5 |  26.3
     Lair:5 |   16676 |    8766 |  34.5 |      43 |      48 |  52.7
    Swamp:1 |    9091 |       0 |   0.0 |      12 |       0 |   0.0
    Swamp:2 |    9075 |       0 |   0.0 |      20 |       0 |   0.0
    Swamp:3 |    8639 |     795 |   8.4 |      12 |       1 |   7.7
    Swamp:4 |   10829 |   18718 |  63.3 |      16 |      27 |  62.8
   Spider:1 |   20404 |    3144 |  13.4 |      67 |       6 |   8.2
   Spider:2 |   12544 |    2193 |  14.9 |      34 |       4 |  10.5
   Spider:3 |   26726 |    8352 |  23.8 |      61 |      14 |  18.7
   Spider:4 |   18789 |   22352 |  54.3 |      37 |      43 |  53.8
    Slime:1 |   13360 |       0 |   0.0 |      21 |       0 |   0.0
    Slime:2 |    2859 |       0 |   0.0 |       6 |       0 |   0.0
    Slime:3 |   20599 |       0 |   0.0 |      39 |       0 |   0.0
    Slime:4 |   16053 |   10198 |  38.8 |      18 |       3 |  14.3
    Slime:5 |   11669 |   19806 |  62.9 |      22 |      12 |  35.3
      Orc:1 |    2828 |     847 |  23.0 |      31 |       1 |   3.1
      Orc:2 |     824 |    4660 |  85.0 |      15 |      38 |  71.7
      Elf:1 |   20595 |    3958 |  16.1 |      32 |       6 |  15.8
      Elf:2 |    7460 |   30333 |  80.3 |      13 |      38 |  74.5
      Elf:3 |   24227 |   26246 |  52.0 |      37 |      24 |  39.3
   Vaults:1 |   39756 |   11395 |  22.3 |      66 |      15 |  18.5
   Vaults:2 |   29113 |   35403 |  54.9 |      44 |      47 |  51.6
   Vaults:3 |   19816 |   25177 |  56.0 |      32 |      29 |  47.5
   Vaults:4 |   31740 |   39144 |  55.2 |      54 |      41 |  43.2
   Vaults:5 |   13331 |   93444 |  87.5 |      23 |      83 |  78.3
   Depths:1 |   30468 |   17116 |  36.0 |      37 |      14 |  27.5
   Depths:2 |   27603 |   33927 |  55.1 |      34 |      35 |  50.7
   Depths:3 |   24205 |   44618 |  64.8 |      25 |      31 |  55.4
   Depths:4 |   22737 |   15223 |  40.1 |      24 |      15 |  38.5
      Zot:1 |   22596 |       0 |   0.0 |      19 |       0 |   0.0
      Zot:2 |   13823 |    3086 |  18.3 |      12 |       3 |  20.0
      Zot:3 |   28900 |       0 |   0.0 |      22 |       0 |   0.0
      Zot:4 |   18111 |       0 |   0.0 |      15 |       0 |   0.0
      Zot:5 |   49219 |   98945 |  66.8 |      33 |      43 |  56.6
      IceCv |     723 |    7958 |  91.7 |       3 |      29 |  90.6
    Volcano |       0 |    2331 | 100.0 |       0 |       5 | 100.0
   Gauntlet |       0 |    5691 | 100.0 |       0 |      11 | 100.0
            +---------+---------+-------+---------+---------+-------

Skill      XL: |  1  2  3  4  5  6  7  8  9 10 11 12 13 14 15 16 17 18 19 20 21 22 23 24 25 26 27 |
---------------+----------------------------------------------------------------------------------+-----
Long Blades    | 4 5 6 7 8 10 12 14 15 16 | 16.0
Stealth        | 1 2 3 5 6 8 11 12 | 12.0
Fighting       | 3 4 5 6 8 9 10 11 12 13 15 16 17 18 19 20 21 22 | 22.0
Armour         | 1 2 3 4 5 6 7 8 10 11 12 13 15 17 18 | 18.6
Dodging        | 5 6 7 8 10 11 12 14 15 16 17 19 20 21 22 | 22.0
Shields        | 6 9 11 12 14 15 16 17 18 19 20 | 20.5
Invocations    | 3 6 7 8 10 | 10.0
Evocations     | 2 4 6 9 11 12 14 16 17 | 17.2
Throwing       | 5 8 10 12 14 16 | 16.0

Action                     |  1- 3 |  4- 6 |  7- 9 | 10-12 | 13-15 | 16-18 | 19-21 | 22-24 | 25-27 || total
---------------------------+-------+-------+-------+-------+-------+-------+-------+-------+-------++-------
  Melee: Long sword        |   114 |   337 |   222 |       |       |       |       |       |       ||   673
         Punch             |       |     6 |     4 |       |       |       |       |       |       ||    10
         Great sword       |       |       |    77 |   440 |   128 |       |       |       |       ||   645
         Falchion          |       |       |    48 |       |       |       |       |       |       ||    48
         Triple sword      |       |       |       |       |   531 |       |       |       |       ||   531
         Tailslap          |       |       |       |       |     5 |    29 |    19 |       |       ||    53
         Scimitar          |       |       |       |       |   166 |   194 |       |       |       ||   360
         Demon blade       |       |       |       |       |       |  1327 |  2382 |  2378 |  2311 ||  8398
   Fire: Sling             |       |       |       |    32 |       |       |       |       |       ||    32
  Throw: Javelin           |       |     6 |       |     8 |     3 |     1 |     5 |    13 |    69 ||   105
         Dart              |       |       |       |       |     4 |     2 |     2 |       |       ||     8
 Invoke: Heroism           |       |       |       |     2 |     5 |     3 |     5 |     6 |    10 ||    31
         Finesse           |       |       |       |       |       |       |     1 |       |     3 ||     4
  Evoke: Lightning rod     |       |       |       |       |     4 |       |       |       |     3 ||     7
         Wand              |       |       |       |       |     1 |     3 |       |     3 |    13 ||    20
         Phial of floods   |       |       |       |       |       |       |     1 |       |     1 ||     2
         Tin of tremorston |       |       |       |       |       |       |       |       |     1 ||     1
    Use: Scroll            |       |     4 |     5 |    10 |    20 |     8 |     4 |     8 |    15 ||    74
         Potion            |       |       |       |     1 |     3 |     1 |     7 |     6 |    21 ||    39
   Stab: Sleeping          |       |     4 |     8 |     9 |     7 |    17 |    12 |    14 |     7 ||    78
         Distracted        |       |       |     1 |       |     3 |     5 |     3 |     2 |     3 ||    17
         Invisible         |       |       |       |       |       |       |     3 |     6 |       ||     9
 Armour: Leather armour    |    19 |       |       |       |       |       |       |       |       ||    19
         Ring mail         |    15 |   124 |   122 |   111 |   202 |    78 |       |       |       ||   652
         Chain mail        |    25 |     1 |       |       |       |       |       |       |       ||    26
         Ice dragon scales |       |       |       |       |    16 |       |       |   245 |   351 ||   612
         Swamp dragon scal |       |       |       |       |       |   181 |   359 |   105 |       ||   645
  Dodge: Dodged            |    88 |   184 |   215 |   485 |   812 |  1054 |  1575 |  1251 |  1694 ||  7358
         Repelled          |       |       |     1 |     2 |     6 |    15 |       |       |       ||    24
  Block: Buckler           |       |       |       |       |    57 |   128 |       |       |       ||   185
         Kite shield       |       |       |       |       |       |   794 |  1897 |  1414 |  1951 ||  6056

Illustrated notes

Table legend:
 A = Kills in this place as a percentage of kills in the entire game.
 B = Kills by you in this place as a percentage of kills by you in the entire game.
 C = Kills by friends in this place as a percentage of kills by friends in the entire game.
 D = Other kills in this place as a percentage of other kills in the entire game.
 E = Experience gained in this place as a percentage of experience gained in the entire game.
 F = Experience gained in this place divided by the number of levels of this place that you have seen.
                   A       B       C       D       E      F
               +-------+-------+-------+-------+-------+----------------------
         Total | 100.0 | 100.0 |   N/A | 100.0 | 100.0 | 23605.5
       Dungeon |  19.0 |  19.1 |   N/A |   0.0 |   6.5 | 5874.7
          Lair |   9.6 |   9.6 |   N/A |   0.0 |   4.5 | 12197.6
         Swamp |   4.0 |   4.0 |   N/A |  12.5 |   4.2 | 14286.8
   Spider Nest |  12.2 |  12.2 |   N/A |   0.0 |   8.5 | 28626.0
    Slime Pits |   5.6 |   5.6 |   N/A |   0.0 |   7.0 | 18908.8
  Orcish Mines |   3.9 |   3.9 |   N/A |   0.0 |   0.7 | 4579.5
   Elven Halls |   6.9 |   6.9 |   N/A |  12.5 |   8.4 | 37606.3
        Vaults |  19.9 |  19.9 |   N/A |  25.0 |  25.1 | 67663.8
        Depths |   9.9 |   9.9 |   N/A |  25.0 |  16.1 | 54164.8
           Zot |   6.8 |   6.7 |   N/A |  25.0 |  17.6 | 47310.6
      Ice Cave |   1.5 |   1.5 |   N/A |   0.0 |   0.6 | 8681.0
       Volcano |   0.2 |   0.2 |   N/A |   0.0 |   0.2 | 2331.0
      Gauntlet |   0.5 |   0.5 |   N/A |   0.0 |   0.4 | 5691.0
               +-------+-------+-------+-------+-------+----------------------

Table legend: (Time is in decaauts)
 A = Elapsed time spent in this place.
 B = Non-inter-level travel time spent in this place.
 C = Inter-level travel time spent in this place.
 D = Time resting spent in this place.
 E = Time spent auto-exploring this place.
 F = Levels seen in this place.
 G = Mean time per level.
                   A        B        C        D        E       F      G
               +--------+--------+--------+--------+--------+-----+--------+
         Total |  70821 |  65259 |   5562 |   8928 |  37044 |  57 | 1242.5 |
       Dungeon |  17649 |  15968 |   1681 |   2000 |   9601 |  15 | 1176.6 |
        Temple |     19 |     15 |      4 |      0 |      0 |   1 |   19.0 |
          Lair |   8437 |   7661 |    776 |    581 |   5405 |   5 | 1687.4 |
         Swamp |   2826 |   2600 |    226 |    176 |   1570 |   4 |  706.5 |
   Spider Nest |   5720 |   5355 |    365 |    496 |   3136 |   4 | 1430.0 |
    Slime Pits |   3512 |   3335 |    177 |    826 |   1476 |   5 |  702.4 |
  Orcish Mines |   1429 |   1299 |    130 |     57 |    614 |   2 |  714.5 |
   Elven Halls |   4215 |   4007 |    208 |    383 |   2393 |   3 | 1405.0 |
        Vaults |  10767 |   9725 |   1042 |   1925 |   4838 |   5 | 2153.4 |
        Depths |   6631 |   6076 |    555 |    385 |   3592 |   4 | 1657.8 |
          Hell |      1 |      1 |      0 |      0 |      0 |   1 |    1.0 |
           Zot |   8091 |   7697 |    394 |   1995 |   3647 |   5 | 1618.2 |
      Ice Cave |    909 |    909 |      0 |      0 |    555 |   1 |  909.0 |
       Volcano |    272 |    272 |      0 |     53 |     79 |   1 |  272.0 |
      Gauntlet |    337 |    337 |      0 |     49 |    136 |   1 |  337.0 |
               +--------+--------+--------+--------+--------+-----+--------+

Top non-repeatable levels by time:
Vaults:4: 3197 daAuts
  Lair:5: 2572 daAuts
  Lair:2: 2257 daAuts
Vaults:5: 2185 daAuts
   Zot:3: 2149 daAuts
   Zot:5: 2043 daAuts
Depths:2: 1951 daAuts
     D:8: 1922 daAuts
Vaults:2: 1866 daAuts
Depths:3: 1828 daAuts
Vaults:3: 1823 daAuts
Depths:1: 1823 daAuts
   Elf:2: 1733 daAuts
Spider:3: 1700 daAuts
Vaults:1: 1695 daAuts
